%YAML 1.1
%TAG !u! tag:unity3d.com,2011:
--- !u!29 &1
OcclusionCullingSettings:
  m_ObjectHideFlags: 0
  serializedVersion: 2
  m_OcclusionBakeSettings:
    smallestOccluder: 5
    smallestHole: 0.25
    backfaceThreshold: 100
  m_SceneGUID: 00000000000000000000000000000000
  m_OcclusionCullingData: {fileID: 0}
--- !u!104 &2
RenderSettings:
  m_ObjectHideFlags: 0
  serializedVersion: 8
  m_Fog: 0
  m_FogColor: {r: 0.5, g: 0.5, b: 0.5, a: 1}
  m_FogMode: 3
  m_FogDensity: 0.01
  m_LinearFogStart: 0
  m_LinearFogEnd: 300
  m_AmbientSkyColor: {r: 0.212, g: 0.227, b: 0.259, a: 1}
  m_AmbientEquatorColor: {r: 0.114, g: 0.125, b: 0.133, a: 1}
  m_AmbientGroundColor: {r: 0.047, g: 0.043, b: 0.035, a: 1}
  m_AmbientIntensity: 1
  m_AmbientMode: 0
  m_SubtractiveShadowColor: {r: 0.42, g: 0.478, b: 0.627, a: 1}
  m_SkyboxMaterial: {fileID: 10304, guid: 0000000000000000f000000000000000, type: 0}
  m_HaloStrength: 0.5
  m_FlareStrength: 1
  m_FlareFadeSpeed: 3
  m_HaloTexture: {fileID: 0}
  m_SpotCookie: {fileID: 10001, guid: 0000000000000000e000000000000000, type: 0}
  m_DefaultReflectionMode: 0
  m_DefaultReflectionResolution: 128
  m_ReflectionBounces: 1
  m_ReflectionIntensity: 1
  m_CustomReflection: {fileID: 0}
  m_Sun: {fileID: 0}
  m_IndirectSpecularColor: {r: 0, g: 0, b: 0, a: 1}
--- !u!157 &4
LightmapSettings:
  m_ObjectHideFlags: 0
  serializedVersion: 9
  m_GIWorkflowMode: 0
  m_GISettings:
    serializedVersion: 2
    m_BounceScale: 1
    m_IndirectOutputScale: 1
    m_AlbedoBoost: 1
    m_TemporalCoherenceThreshold: 1
    m_EnvironmentLightingMode: 0
    m_EnableBakedLightmaps: 1
    m_EnableRealtimeLightmaps: 1
  m_LightmapEditorSettings:
    serializedVersion: 8
    m_Resolution: 2
    m_BakeResolution: 40
    m_TextureWidth: 1024
    m_TextureHeight: 1024
    m_AO: 0
    m_AOMaxDistance: 1
    m_CompAOExponent: 0
    m_CompAOExponentDirect: 0
    m_Padding: 2
    m_LightmapParameters: {fileID: 0}
    m_LightmapsBakeMode: 1
    m_TextureCompression: 1
    m_FinalGather: 0
    m_FinalGatherFiltering: 1
    m_FinalGatherRayCount: 1024
    m_ReflectionCompression: 2
    m_MixedBakeMode: 1
    m_BakeBackend: 0
    m_PVRSampling: 1
    m_PVRDirectSampleCount: 32
    m_PVRSampleCount: 500
    m_PVRBounces: 2
    m_PVRFiltering: 0
    m_PVRFilteringMode: 1
    m_PVRCulling: 1
    m_PVRFilteringGaussRadiusDirect: 1
    m_PVRFilteringGaussRadiusIndirect: 5
    m_PVRFilteringGaussRadiusAO: 2
    m_PVRFilteringAtrousColorSigma: 1
    m_PVRFilteringAtrousNormalSigma: 1
    m_PVRFilteringAtrousPositionSigma: 1
  m_LightingDataAsset: {fileID: 0}
  m_ShadowMaskMode: 2
--- !u!196 &5
NavMeshSettings:
  serializedVersion: 2
  m_ObjectHideFlags: 0
  m_BuildSettings:
    serializedVersion: 2
    agentTypeID: 0
    agentRadius: 0.5
    agentHeight: 2
    agentSlope: 45
    agentClimb: 0.4
    ledgeDropHeight: 0
    maxJumpAcrossDistance: 0
    minRegionArea: 2
    manualCellSize: 0
    cellSize: 0.16666667
    manualTileSize: 0
    tileSize: 256
    accuratePlacement: 0
  m_NavMeshData: {fileID: 0}
--- !u!1001 &145076106
Prefab:
  m_ObjectHideFlags: 0
  serializedVersion: 2
  m_Modification:
    m_TransformParent: {fileID: 0}
    m_Modifications:
    - target: {fileID: 22473906, guid: f7aa52cd8aba85e48833af2b3340ae89, type: 2}
      propertyPath: m_LocalPosition.x
      value: 0
      objectReference: {fileID: 0}
    - target: {fileID: 22473906, guid: f7aa52cd8aba85e48833af2b3340ae89, type: 2}
      propertyPath: m_LocalPosition.y
      value: 0
      objectReference: {fileID: 0}
    - target: {fileID: 22473906, guid: f7aa52cd8aba85e48833af2b3340ae89, type: 2}
      propertyPath: m_LocalPosition.z
      value: 0
      objectReference: {fileID: 0}
    - target: {fileID: 22473906, guid: f7aa52cd8aba85e48833af2b3340ae89, type: 2}
      propertyPath: m_LocalRotation.x
      value: 0
      objectReference: {fileID: 0}
    - target: {fileID: 22473906, guid: f7aa52cd8aba85e48833af2b3340ae89, type: 2}
      propertyPath: m_LocalRotation.y
      value: 0
      objectReference: {fileID: 0}
    - target: {fileID: 22473906, guid: f7aa52cd8aba85e48833af2b3340ae89, type: 2}
      propertyPath: m_LocalRotation.z
      value: 0
      objectReference: {fileID: 0}
    - target: {fileID: 22473906, guid: f7aa52cd8aba85e48833af2b3340ae89, type: 2}
      propertyPath: m_LocalRotation.w
      value: 1
      objectReference: {fileID: 0}
    - target: {fileID: 22473906, guid: f7aa52cd8aba85e48833af2b3340ae89, type: 2}
      propertyPath: m_RootOrder
      value: 0
      objectReference: {fileID: 0}
    - target: {fileID: 22473906, guid: f7aa52cd8aba85e48833af2b3340ae89, type: 2}
      propertyPath: m_AnchoredPosition.x
      value: 0
      objectReference: {fileID: 0}
    - target: {fileID: 22473906, guid: f7aa52cd8aba85e48833af2b3340ae89, type: 2}
      propertyPath: m_AnchoredPosition.y
      value: 0
      objectReference: {fileID: 0}
    - target: {fileID: 22473906, guid: f7aa52cd8aba85e48833af2b3340ae89, type: 2}
      propertyPath: m_SizeDelta.x
      value: 0
      objectReference: {fileID: 0}
    - target: {fileID: 22473906, guid: f7aa52cd8aba85e48833af2b3340ae89, type: 2}
      propertyPath: m_SizeDelta.y
      value: 0
      objectReference: {fileID: 0}
    - target: {fileID: 22473906, guid: f7aa52cd8aba85e48833af2b3340ae89, type: 2}
      propertyPath: m_AnchorMin.x
      value: 0
      objectReference: {fileID: 0}
    - target: {fileID: 22473906, guid: f7aa52cd8aba85e48833af2b3340ae89, type: 2}
      propertyPath: m_AnchorMin.y
      value: 0
      objectReference: {fileID: 0}
    - target: {fileID: 22473906, guid: f7aa52cd8aba85e48833af2b3340ae89, type: 2}
      propertyPath: m_AnchorMax.x
      value: 0
      objectReference: {fileID: 0}
    - target: {fileID: 22473906, guid: f7aa52cd8aba85e48833af2b3340ae89, type: 2}
      propertyPath: m_AnchorMax.y
      value: 0
      objectReference: {fileID: 0}
    - target: {fileID: 22473906, guid: f7aa52cd8aba85e48833af2b3340ae89, type: 2}
      propertyPath: m_Pivot.x
      value: 0
      objectReference: {fileID: 0}
    - target: {fileID: 22473906, guid: f7aa52cd8aba85e48833af2b3340ae89, type: 2}
      propertyPath: m_Pivot.y
      value: 0
      objectReference: {fileID: 0}
    m_RemovedComponents: []
  m_ParentPrefab: {fileID: 100100000, guid: f7aa52cd8aba85e48833af2b3340ae89, type: 2}
  m_RootGameObject: {fileID: 284414396}
  m_IsPrefabParent: 0
--- !u!1 &284414396
GameObject:
  m_ObjectHideFlags: 0
  m_PrefabParentObject: {fileID: 173906, guid: f7aa52cd8aba85e48833af2b3340ae89, type: 2}
  m_PrefabInternal: {fileID: 145076106}
  serializedVersion: 5
  m_Component:
  - component: {fileID: 284414400}
  - component: {fileID: 284414399}
  - component: {fileID: 284414398}
  - component: {fileID: 284414397}
  m_Layer: 5
  m_Name: Camera
  m_TagString: Untagged
  m_Icon: {fileID: 0}
  m_NavMeshLayer: 0
  m_StaticEditorFlags: 0
  m_IsActive: 1
--- !u!114 &284414397
MonoBehaviour:
  m_ObjectHideFlags: 0
  m_PrefabParentObject: {fileID: 11473910, guid: f7aa52cd8aba85e48833af2b3340ae89,
    type: 2}
  m_PrefabInternal: {fileID: 145076106}
  m_GameObject: {fileID: 284414396}
  m_Enabled: 1
  m_EditorHideFlags: 0
  m_Script: {fileID: 1301386320, guid: f5f67c52d1564df4a8936ccd202a3bd8, type: 3}
  m_Name: 
  m_EditorClassIdentifier: 
  m_IgnoreReversedGraphics: 1
  m_BlockingObjects: 0
  m_BlockingMask:
    serializedVersion: 2
    m_Bits: 4294967295
--- !u!114 &284414398
MonoBehaviour:
  m_ObjectHideFlags: 0
  m_PrefabParentObject: {fileID: 11473912, guid: f7aa52cd8aba85e48833af2b3340ae89,
    type: 2}
  m_PrefabInternal: {fileID: 145076106}
  m_GameObject: {fileID: 284414396}
  m_Enabled: 1
  m_EditorHideFlags: 0
  m_Script: {fileID: 1980459831, guid: f5f67c52d1564df4a8936ccd202a3bd8, type: 3}
  m_Name: 
  m_EditorClassIdentifier: 
  m_UiScaleMode: 1
  m_ReferencePixelsPerUnit: 100
  m_ScaleFactor: 1
  m_ReferenceResolution: {x: 1536, y: 2048}
  m_ScreenMatchMode: 0
  m_MatchWidthOrHeight: 1
  m_PhysicalUnit: 3
  m_FallbackScreenDPI: 96
  m_DefaultSpriteDPI: 96
  m_DynamicPixelsPerUnit: 1
--- !u!223 &284414399
Canvas:
  m_ObjectHideFlags: 0
  m_PrefabParentObject: {fileID: 22373896, guid: f7aa52cd8aba85e48833af2b3340ae89,
    type: 2}
  m_PrefabInternal: {fileID: 145076106}
  m_GameObject: {fileID: 284414396}
  m_Enabled: 1
  serializedVersion: 3
  m_RenderMode: 0
  m_Camera: {fileID: 0}
  m_PlaneDistance: 100
  m_PixelPerfect: 1
  m_ReceivesEvents: 1
  m_OverrideSorting: 0
  m_OverridePixelPerfect: 0
  m_SortingBucketNormalizedSize: 0
  m_AdditionalShaderChannelsFlag: 25
  m_SortingLayerID: 0
  m_SortingOrder: 0
  m_TargetDisplay: 0
--- !u!224 &284414400
RectTransform:
  m_ObjectHideFlags: 0
  m_PrefabParentObject: {fileID: 22473906, guid: f7aa52cd8aba85e48833af2b3340ae89,
    type: 2}
  m_PrefabInternal: {fileID: 145076106}
  m_GameObject: {fileID: 284414396}
  m_LocalRotation: {x: 0, y: 0, z: 0, w: 1}
  m_LocalPosition: {x: 0, y: 0, z: 0}
  m_LocalScale: {x: 0, y: 0, z: 0}
  m_Children:
  - {fileID: 343262901}
  - {fileID: 1142999793}
  m_Father: {fileID: 0}
  m_RootOrder: 0
  m_LocalEulerAnglesHint: {x: 0, y: 0, z: 0}
  m_AnchorMin: {x: 0, y: 0}
  m_AnchorMax: {x: 0, y: 0}
  m_AnchoredPosition: {x: 0, y: 0}
  m_SizeDelta: {x: 0, y: 0}
  m_Pivot: {x: 0, y: 0}
--- !u!1 &288992945
GameObject:
  m_ObjectHideFlags: 0
  m_PrefabParentObject: {fileID: 173942, guid: f7aa52cd8aba85e48833af2b3340ae89, type: 2}
  m_PrefabInternal: {fileID: 145076106}
  serializedVersion: 5
  m_Component:
  - component: {fileID: 288992946}
  - component: {fileID: 288992949}
  - component: {fileID: 288992948}
  - component: {fileID: 288992947}
  m_Layer: 5
  m_Name: Button
  m_TagString: Untagged
  m_Icon: {fileID: 0}
  m_NavMeshLayer: 0
  m_StaticEditorFlags: 0
  m_IsActive: 1
--- !u!224 &288992946
RectTransform:
  m_ObjectHideFlags: 0
  m_PrefabParentObject: {fileID: 22473942, guid: f7aa52cd8aba85e48833af2b3340ae89,
    type: 2}
  m_PrefabInternal: {fileID: 145076106}
  m_GameObject: {fileID: 288992945}
  m_LocalRotation: {x: 0, y: 0, z: 0, w: 1}
  m_LocalPosition: {x: 0, y: 0, z: 0}
  m_LocalScale: {x: 1, y: 1, z: 1}
  m_Children: []
  m_Father: {fileID: 1479183478}
  m_RootOrder: 0
  m_LocalEulerAnglesHint: {x: 0, y: 0, z: 0}
  m_AnchorMin: {x: 0.5, y: 0.5}
  m_AnchorMax: {x: 0.5, y: 0.5}
  m_AnchoredPosition: {x: -280.1, y: 0}
  m_SizeDelta: {x: 26.8, y: 47.7}
  m_Pivot: {x: 0.5, y: 0.5}
--- !u!114 &288992947
MonoBehaviour:
  m_ObjectHideFlags: 0
  m_PrefabParentObject: {fileID: 11473958, guid: f7aa52cd8aba85e48833af2b3340ae89,
    type: 2}
  m_PrefabInternal: {fileID: 145076106}
  m_GameObject: {fileID: 288992945}
  m_Enabled: 1
  m_EditorHideFlags: 0
  m_Script: {fileID: 1392445389, guid: f5f67c52d1564df4a8936ccd202a3bd8, type: 3}
  m_Name: 
  m_EditorClassIdentifier: 
  m_Navigation:
    m_Mode: 3
    m_SelectOnUp: {fileID: 0}
    m_SelectOnDown: {fileID: 0}
    m_SelectOnLeft: {fileID: 0}
    m_SelectOnRight: {fileID: 0}
  m_Transition: 1
  m_Colors:
    m_NormalColor: {r: 1, g: 1, b: 1, a: 1}
    m_HighlightedColor: {r: 0.9607843, g: 0.9607843, b: 0.9607843, a: 1}
    m_PressedColor: {r: 0.78431374, g: 0.78431374, b: 0.78431374, a: 1}
    m_DisabledColor: {r: 0.78431374, g: 0.78431374, b: 0.78431374, a: 0.5019608}
    m_ColorMultiplier: 1
    m_FadeDuration: 0.1
  m_SpriteState:
    m_HighlightedSprite: {fileID: 0}
    m_PressedSprite: {fileID: 0}
    m_DisabledSprite: {fileID: 0}
  m_AnimationTriggers:
    m_NormalTrigger: Normal
    m_HighlightedTrigger: Highlighted
    m_PressedTrigger: Pressed
    m_DisabledTrigger: Disabled
  m_Interactable: 1
  m_TargetGraphic: {fileID: 288992948}
  m_OnClick:
    m_PersistentCalls:
      m_Calls: []
    m_TypeName: UnityEngine.UI.Button+ButtonClickedEvent, UnityEngine.UI, Version=1.0.0.0,
      Culture=neutral, PublicKeyToken=null
--- !u!114 &288992948
MonoBehaviour:
  m_ObjectHideFlags: 0
  m_PrefabParentObject: {fileID: 11473960, guid: f7aa52cd8aba85e48833af2b3340ae89,
    type: 2}
  m_PrefabInternal: {fileID: 145076106}
  m_GameObject: {fileID: 288992945}
  m_Enabled: 1
  m_EditorHideFlags: 0
  m_Script: {fileID: -765806418, guid: f5f67c52d1564df4a8936ccd202a3bd8, type: 3}
  m_Name: 
  m_EditorClassIdentifier: 
  m_Material: {fileID: 0}
  m_Color: {r: 0.18382353, g: 0.18382353, b: 0.18382353, a: 0.827451}
  m_RaycastTarget: 1
  m_OnCullStateChanged:
    m_PersistentCalls:
      m_Calls: []
    m_TypeName: UnityEngine.UI.MaskableGraphic+CullStateChangedEvent, UnityEngine.UI,
      Version=1.0.0.0, Culture=neutral, PublicKeyToken=null
  m_Sprite: {fileID: 21300000, guid: 808ccd6b57b92481eb8234406b711bd1, type: 3}
  m_Type: 0
  m_PreserveAspect: 0
  m_FillCenter: 1
  m_FillMethod: 4
  m_FillAmount: 1
  m_FillClockwise: 1
  m_FillOrigin: 0
--- !u!222 &288992949
CanvasRenderer:
  m_ObjectHideFlags: 0
  m_PrefabParentObject: {fileID: 22273940, guid: f7aa52cd8aba85e48833af2b3340ae89,
    type: 2}
  m_PrefabInternal: {fileID: 145076106}
  m_GameObject: {fileID: 288992945}
--- !u!1 &343262900
GameObject:
  m_ObjectHideFlags: 0
  m_PrefabParentObject: {fileID: 173896, guid: f7aa52cd8aba85e48833af2b3340ae89, type: 2}
  m_PrefabInternal: {fileID: 145076106}
  serializedVersion: 5
  m_Component:
  - component: {fileID: 343262901}
  - component: {fileID: 343262903}
  - component: {fileID: 343262902}
  m_Layer: 5
  m_Name: AppTitle
  m_TagString: Untagged
  m_Icon: {fileID: 0}
  m_NavMeshLayer: 0
  m_StaticEditorFlags: 0
  m_IsActive: 1
--- !u!224 &343262901
RectTransform:
  m_ObjectHideFlags: 0
  m_PrefabParentObject: {fileID: 22473896, guid: f7aa52cd8aba85e48833af2b3340ae89,
    type: 2}
  m_PrefabInternal: {fileID: 145076106}
  m_GameObject: {fileID: 343262900}
  m_LocalRotation: {x: 0, y: 0, z: 0, w: 1}
  m_LocalPosition: {x: 0, y: 0, z: 0}
  m_LocalScale: {x: 1, y: 1, z: 1}
  m_Children:
  - {fileID: 405842148}
  m_Father: {fileID: 284414400}
  m_RootOrder: 0
  m_LocalEulerAnglesHint: {x: 0, y: 0, z: 0}
  m_AnchorMin: {x: 0.5, y: 0.5}
  m_AnchorMax: {x: 0.5, y: 0.5}
  m_AnchoredPosition: {x: -384, y: 1147}
  m_SizeDelta: {x: 768, y: 109}
  m_Pivot: {x: 0.5, y: 0.5}
--- !u!114 &343262902
MonoBehaviour:
  m_ObjectHideFlags: 0
  m_PrefabParentObject: {fileID: 11473896, guid: f7aa52cd8aba85e48833af2b3340ae89,
    type: 2}
  m_PrefabInternal: {fileID: 145076106}
  m_GameObject: {fileID: 343262900}
  m_Enabled: 1
  m_EditorHideFlags: 0
  m_Script: {fileID: 708705254, guid: f5f67c52d1564df4a8936ccd202a3bd8, type: 3}
  m_Name: 
  m_EditorClassIdentifier: 
  m_Material: {fileID: 0}
  m_Color: {r: 0.85490197, g: 0.85490197, b: 0.85490197, a: 1}
  m_RaycastTarget: 1
  m_OnCullStateChanged:
    m_PersistentCalls:
      m_Calls: []
    m_TypeName: UnityEngine.UI.MaskableGraphic+CullStateChangedEvent, UnityEngine.UI,
      Version=1.0.0.0, Culture=neutral, PublicKeyToken=null
  m_FontData:
    m_Font: {fileID: 12800000, guid: 218956a5c2a6e42d6a60afccf80b002b, type: 3}
    m_FontSize: 102
    m_FontStyle: 0
    m_BestFit: 0
    m_MinSize: 10
    m_MaxSize: 102
    m_Alignment: 0
    m_AlignByGeometry: 0
    m_RichText: 1
    m_HorizontalOverflow: 0
    m_VerticalOverflow: 1
    m_LineSpacing: 1
  m_Text: CAMERA
--- !u!222 &343262903
CanvasRenderer:
  m_ObjectHideFlags: 0
  m_PrefabParentObject: {fileID: 22273896, guid: f7aa52cd8aba85e48833af2b3340ae89,
    type: 2}
  m_PrefabInternal: {fileID: 145076106}
  m_GameObject: {fileID: 343262900}
--- !u!1 &357718011
GameObject:
  m_ObjectHideFlags: 0
  m_PrefabParentObject: {fileID: 173934, guid: f7aa52cd8aba85e48833af2b3340ae89, type: 2}
  m_PrefabInternal: {fileID: 145076106}
  serializedVersion: 5
  m_Component:
  - component: {fileID: 357718012}
  - component: {fileID: 357718014}
  - component: {fileID: 357718013}
  m_Layer: 5
  m_Name: InfoBar
  m_TagString: Untagged
  m_Icon: {fileID: 0}
  m_NavMeshLayer: 0
  m_StaticEditorFlags: 0
  m_IsActive: 1
--- !u!224 &357718012
RectTransform:
  m_ObjectHideFlags: 0
  m_PrefabParentObject: {fileID: 22473934, guid: f7aa52cd8aba85e48833af2b3340ae89,
    type: 2}
  m_PrefabInternal: {fileID: 145076106}
  m_GameObject: {fileID: 357718011}
  m_LocalRotation: {x: 0, y: 0, z: 0, w: 1}
  m_LocalPosition: {x: 0, y: 0, z: 0}
  m_LocalScale: {x: 1, y: 1, z: 1}
  m_Children:
  - {fileID: 871440865}
  - {fileID: 2074699909}
  - {fileID: 698619583}
  - {fileID: 1294820609}
  - {fileID: 1608711768}
  - {fileID: 629072955}
  m_Father: {fileID: 1142999793}
  m_RootOrder: 2
  m_LocalEulerAnglesHint: {x: 0, y: 0, z: 0}
  m_AnchorMin: {x: 0.5, y: 0.5}
  m_AnchorMax: {x: 0.5, y: 0.5}
  m_AnchoredPosition: {x: 0, y: -789}
  m_SizeDelta: {x: 1536, y: 98}
  m_Pivot: {x: 0.5, y: 0.5}
--- !u!114 &357718013
MonoBehaviour:
  m_ObjectHideFlags: 0
  m_PrefabParentObject: {fileID: 11473946, guid: f7aa52cd8aba85e48833af2b3340ae89,
    type: 2}
  m_PrefabInternal: {fileID: 145076106}
  m_GameObject: {fileID: 357718011}
  m_Enabled: 1
  m_EditorHideFlags: 0
  m_Script: {fileID: -765806418, guid: f5f67c52d1564df4a8936ccd202a3bd8, type: 3}
  m_Name: 
  m_EditorClassIdentifier: 
  m_Material: {fileID: 0}
  m_Color: {r: 0.9632353, g: 0.9632353, b: 0.9632353, a: 0.7764706}
  m_RaycastTarget: 1
  m_OnCullStateChanged:
    m_PersistentCalls:
      m_Calls: []
    m_TypeName: UnityEngine.UI.MaskableGraphic+CullStateChangedEvent, UnityEngine.UI,
      Version=1.0.0.0, Culture=neutral, PublicKeyToken=null
  m_Sprite: {fileID: 21300000, guid: 7ed1238760b863f4aafde32ab3a6f28c, type: 3}
  m_Type: 1
  m_PreserveAspect: 0
  m_FillCenter: 1
  m_FillMethod: 4
  m_FillAmount: 1
  m_FillClockwise: 1
  m_FillOrigin: 0
--- !u!222 &357718014
CanvasRenderer:
  m_ObjectHideFlags: 0
  m_PrefabParentObject: {fileID: 22273932, guid: f7aa52cd8aba85e48833af2b3340ae89,
    type: 2}
  m_PrefabInternal: {fileID: 145076106}
  m_GameObject: {fileID: 357718011}
--- !u!1 &374590991
GameObject:
  m_ObjectHideFlags: 0
  m_PrefabParentObject: {fileID: 173920, guid: f7aa52cd8aba85e48833af2b3340ae89, type: 2}
  m_PrefabInternal: {fileID: 145076106}
  serializedVersion: 5
  m_Component:
  - component: {fileID: 374590992}
  - component: {fileID: 374590994}
  - component: {fileID: 374590993}
  m_Layer: 5
  m_Name: Text
  m_TagString: Untagged
  m_Icon: {fileID: 0}
  m_NavMeshLayer: 0
  m_StaticEditorFlags: 0
  m_IsActive: 1
--- !u!224 &374590992
RectTransform:
  m_ObjectHideFlags: 0
  m_PrefabParentObject: {fileID: 22473920, guid: f7aa52cd8aba85e48833af2b3340ae89,
    type: 2}
  m_PrefabInternal: {fileID: 145076106}
  m_GameObject: {fileID: 374590991}
  m_LocalRotation: {x: 0, y: 0, z: 0, w: 1}
  m_LocalPosition: {x: 0, y: 0, z: 0}
  m_LocalScale: {x: 1, y: 1, z: 1}
  m_Children: []
  m_Father: {fileID: 1479183478}
  m_RootOrder: 1
  m_LocalEulerAnglesHint: {x: 0, y: 0, z: 0}
  m_AnchorMin: {x: 0.5, y: 0.5}
  m_AnchorMax: {x: 0.5, y: 0.5}
  m_AnchoredPosition: {x: -243, y: 0}
  m_SizeDelta: {x: 32, y: 30}
  m_Pivot: {x: 0.5, y: 0.5}
--- !u!114 &374590993
MonoBehaviour:
  m_ObjectHideFlags: 0
  m_PrefabParentObject: {fileID: 11473926, guid: f7aa52cd8aba85e48833af2b3340ae89,
    type: 2}
  m_PrefabInternal: {fileID: 145076106}
  m_GameObject: {fileID: 374590991}
  m_Enabled: 1
  m_EditorHideFlags: 0
  m_Script: {fileID: 708705254, guid: f5f67c52d1564df4a8936ccd202a3bd8, type: 3}
  m_Name: 
  m_EditorClassIdentifier: 
  m_Material: {fileID: 0}
  m_Color: {r: 0.18382353, g: 0.18382353, b: 0.18382353, a: 0.827451}
  m_RaycastTarget: 1
  m_OnCullStateChanged:
    m_PersistentCalls:
      m_Calls: []
    m_TypeName: UnityEngine.UI.MaskableGraphic+CullStateChangedEvent, UnityEngine.UI,
      Version=1.0.0.0, Culture=neutral, PublicKeyToken=null
  m_FontData:
    m_Font: {fileID: 12800000, guid: 218956a5c2a6e42d6a60afccf80b002b, type: 3}
    m_FontSize: 20
    m_FontStyle: 0
    m_BestFit: 0
    m_MinSize: 10
    m_MaxSize: 40
    m_Alignment: 3
    m_AlignByGeometry: 0
    m_RichText: 1
    m_HorizontalOverflow: 0
    m_VerticalOverflow: 0
    m_LineSpacing: 1
  m_Text: Off
--- !u!222 &374590994
CanvasRenderer:
  m_ObjectHideFlags: 0
  m_PrefabParentObject: {fileID: 22273918, guid: f7aa52cd8aba85e48833af2b3340ae89,
    type: 2}
  m_PrefabInternal: {fileID: 145076106}
  m_GameObject: {fileID: 374590991}
--- !u!1 &405842147
GameObject:
  m_ObjectHideFlags: 0
  m_PrefabParentObject: {fileID: 173918, guid: f7aa52cd8aba85e48833af2b3340ae89, type: 2}
  m_PrefabInternal: {fileID: 145076106}
  serializedVersion: 5
  m_Component:
  - component: {fileID: 405842148}
  - component: {fileID: 405842150}
  - component: {fileID: 405842149}
  m_Layer: 5
  m_Name: AppTitle
  m_TagString: Untagged
  m_Icon: {fileID: 0}
  m_NavMeshLayer: 0
  m_StaticEditorFlags: 0
  m_IsActive: 1
--- !u!224 &405842148
RectTransform:
  m_ObjectHideFlags: 0
  m_PrefabParentObject: {fileID: 22473918, guid: f7aa52cd8aba85e48833af2b3340ae89,
    type: 2}
  m_PrefabInternal: {fileID: 145076106}
  m_GameObject: {fileID: 405842147}
  m_LocalRotation: {x: 0, y: 0, z: 0, w: 1}
  m_LocalPosition: {x: 0, y: 0, z: 0}
  m_LocalScale: {x: 1, y: 1, z: 1}
  m_Children: []
  m_Father: {fileID: 343262901}
  m_RootOrder: 0
  m_LocalEulerAnglesHint: {x: 0, y: 0, z: 0}
  m_AnchorMin: {x: 0.5, y: 0.5}
  m_AnchorMax: {x: 0.5, y: 0.5}
  m_AnchoredPosition: {x: -36.5, y: -88}
  m_SizeDelta: {x: 695, y: 67}
  m_Pivot: {x: 0.5, y: 0.5}
--- !u!114 &405842149
MonoBehaviour:
  m_ObjectHideFlags: 0
  m_PrefabParentObject: {fileID: 11473924, guid: f7aa52cd8aba85e48833af2b3340ae89,
    type: 2}
  m_PrefabInternal: {fileID: 145076106}
  m_GameObject: {fileID: 405842147}
  m_Enabled: 1
  m_EditorHideFlags: 0
  m_Script: {fileID: 708705254, guid: f5f67c52d1564df4a8936ccd202a3bd8, type: 3}
  m_Name: 
  m_EditorClassIdentifier: 
  m_Material: {fileID: 0}
  m_Color: {r: 0.85490197, g: 0.85490197, b: 0.85490197, a: 1}
  m_RaycastTarget: 1
  m_OnCullStateChanged:
    m_PersistentCalls:
      m_Calls: []
    m_TypeName: UnityEngine.UI.MaskableGraphic+CullStateChangedEvent, UnityEngine.UI,
      Version=1.0.0.0, Culture=neutral, PublicKeyToken=null
  m_FontData:
    m_Font: {fileID: 12800000, guid: 218956a5c2a6e42d6a60afccf80b002b, type: 3}
    m_FontSize: 40
    m_FontStyle: 0
    m_BestFit: 0
    m_MinSize: 10
    m_MaxSize: 40
    m_Alignment: 0
    m_AlignByGeometry: 0
    m_RichText: 1
    m_HorizontalOverflow: 0
    m_VerticalOverflow: 1
    m_LineSpacing: 1
  m_Text: APP SAMPLE TABLET
--- !u!222 &405842150
CanvasRenderer:
  m_ObjectHideFlags: 0
  m_PrefabParentObject: {fileID: 22273916, guid: f7aa52cd8aba85e48833af2b3340ae89,
    type: 2}
  m_PrefabInternal: {fileID: 145076106}
  m_GameObject: {fileID: 405842147}
--- !u!1 &483041801
GameObject:
  m_ObjectHideFlags: 0
  m_PrefabParentObject: {fileID: 173940, guid: f7aa52cd8aba85e48833af2b3340ae89, type: 2}
  m_PrefabInternal: {fileID: 145076106}
  serializedVersion: 5
  m_Component:
  - component: {fileID: 483041802}
  - component: {fileID: 483041805}
  - component: {fileID: 483041804}
  - component: {fileID: 483041803}
  m_Layer: 5
  m_Name: Button
  m_TagString: Untagged
  m_Icon: {fileID: 0}
  m_NavMeshLayer: 0
  m_StaticEditorFlags: 0
  m_IsActive: 1
--- !u!224 &483041802
RectTransform:
  m_ObjectHideFlags: 0
  m_PrefabParentObject: {fileID: 22473940, guid: f7aa52cd8aba85e48833af2b3340ae89,
    type: 2}
  m_PrefabInternal: {fileID: 145076106}
  m_GameObject: {fileID: 483041801}
  m_LocalRotation: {x: 0, y: 0, z: 0, w: 1}
  m_LocalPosition: {x: 0, y: 0, z: 0}
  m_LocalScale: {x: 1, y: 1, z: 1}
  m_Children: []
  m_Father: {fileID: 1479183478}
  m_RootOrder: 3
  m_LocalEulerAnglesHint: {x: 0, y: 0, z: 0}
  m_AnchorMin: {x: 0.5, y: 0.5}
  m_AnchorMax: {x: 0.5, y: 0.5}
  m_AnchoredPosition: {x: 0, y: 0}
  m_SizeDelta: {x: 35.4, y: 35.4}
  m_Pivot: {x: 0.5, y: 0.5}
--- !u!114 &483041803
MonoBehaviour:
  m_ObjectHideFlags: 0
  m_PrefabParentObject: {fileID: 11473954, guid: f7aa52cd8aba85e48833af2b3340ae89,
    type: 2}
  m_PrefabInternal: {fileID: 145076106}
  m_GameObject: {fileID: 483041801}
  m_Enabled: 1
  m_EditorHideFlags: 0
  m_Script: {fileID: 1392445389, guid: f5f67c52d1564df4a8936ccd202a3bd8, type: 3}
  m_Name: 
  m_EditorClassIdentifier: 
  m_Navigation:
    m_Mode: 3
    m_SelectOnUp: {fileID: 0}
    m_SelectOnDown: {fileID: 0}
    m_SelectOnLeft: {fileID: 0}
    m_SelectOnRight: {fileID: 0}
  m_Transition: 1
  m_Colors:
    m_NormalColor: {r: 1, g: 1, b: 1, a: 1}
    m_HighlightedColor: {r: 0.9607843, g: 0.9607843, b: 0.9607843, a: 1}
    m_PressedColor: {r: 0.78431374, g: 0.78431374, b: 0.78431374, a: 1}
    m_DisabledColor: {r: 0.78431374, g: 0.78431374, b: 0.78431374, a: 0.5019608}
    m_ColorMultiplier: 1
    m_FadeDuration: 0.1
  m_SpriteState:
    m_HighlightedSprite: {fileID: 0}
    m_PressedSprite: {fileID: 0}
    m_DisabledSprite: {fileID: 0}
  m_AnimationTriggers:
    m_NormalTrigger: Normal
    m_HighlightedTrigger: Highlighted
    m_PressedTrigger: Pressed
    m_DisabledTrigger: Disabled
  m_Interactable: 1
  m_TargetGraphic: {fileID: 483041804}
  m_OnClick:
    m_PersistentCalls:
      m_Calls: []
    m_TypeName: UnityEngine.UI.Button+ButtonClickedEvent, UnityEngine.UI, Version=1.0.0.0,
      Culture=neutral, PublicKeyToken=null
--- !u!114 &483041804
MonoBehaviour:
  m_ObjectHideFlags: 0
  m_PrefabParentObject: {fileID: 11473956, guid: f7aa52cd8aba85e48833af2b3340ae89,
    type: 2}
  m_PrefabInternal: {fileID: 145076106}
  m_GameObject: {fileID: 483041801}
  m_Enabled: 1
  m_EditorHideFlags: 0
  m_Script: {fileID: -765806418, guid: f5f67c52d1564df4a8936ccd202a3bd8, type: 3}
  m_Name: 
  m_EditorClassIdentifier: 
  m_Material: {fileID: 0}
  m_Color: {r: 0.18382353, g: 0.18382353, b: 0.18382353, a: 0.827451}
  m_RaycastTarget: 1
  m_OnCullStateChanged:
    m_PersistentCalls:
      m_Calls: []
    m_TypeName: UnityEngine.UI.MaskableGraphic+CullStateChangedEvent, UnityEngine.UI,
      Version=1.0.0.0, Culture=neutral, PublicKeyToken=null
  m_Sprite: {fileID: 21300000, guid: 048f2aeaa99de46f19396a5574dfe330, type: 3}
  m_Type: 0
  m_PreserveAspect: 0
  m_FillCenter: 1
  m_FillMethod: 4
  m_FillAmount: 1
  m_FillClockwise: 1
  m_FillOrigin: 0
--- !u!222 &483041805
CanvasRenderer:
  m_ObjectHideFlags: 0
  m_PrefabParentObject: {fileID: 22273938, guid: f7aa52cd8aba85e48833af2b3340ae89,
    type: 2}
  m_PrefabInternal: {fileID: 145076106}
  m_GameObject: {fileID: 483041801}
--- !u!1 &629072954
GameObject:
  m_ObjectHideFlags: 0
  m_PrefabParentObject: {fileID: 173932, guid: f7aa52cd8aba85e48833af2b3340ae89, type: 2}
  m_PrefabInternal: {fileID: 145076106}
  serializedVersion: 5
  m_Component:
  - component: {fileID: 629072955}
  - component: {fileID: 629072958}
  - component: {fileID: 629072957}
  - component: {fileID: 629072956}
  m_Layer: 5
  m_Name: Button
  m_TagString: Untagged
  m_Icon: {fileID: 0}
  m_NavMeshLayer: 0
  m_StaticEditorFlags: 0
  m_IsActive: 1
--- !u!224 &629072955
RectTransform:
  m_ObjectHideFlags: 0
  m_PrefabParentObject: {fileID: 22473932, guid: f7aa52cd8aba85e48833af2b3340ae89,
    type: 2}
  m_PrefabInternal: {fileID: 145076106}
  m_GameObject: {fileID: 629072954}
  m_LocalRotation: {x: 0, y: 0, z: 0, w: 1}
  m_LocalPosition: {x: 0, y: 0, z: 0}
  m_LocalScale: {x: 1, y: 1, z: 1}
  m_Children: []
  m_Father: {fileID: 357718012}
  m_RootOrder: 5
  m_LocalEulerAnglesHint: {x: 0, y: 0, z: 0}
  m_AnchorMin: {x: 0.5, y: 0.5}
  m_AnchorMax: {x: 0.5, y: 0.5}
  m_AnchoredPosition: {x: 283, y: 0}
  m_SizeDelta: {x: 21, y: 33.5}
  m_Pivot: {x: 0.5, y: 0.5}
--- !u!114 &629072956
MonoBehaviour:
  m_ObjectHideFlags: 0
  m_PrefabParentObject: {fileID: 11473942, guid: f7aa52cd8aba85e48833af2b3340ae89,
    type: 2}
  m_PrefabInternal: {fileID: 145076106}
  m_GameObject: {fileID: 629072954}
  m_Enabled: 1
  m_EditorHideFlags: 0
  m_Script: {fileID: 1392445389, guid: f5f67c52d1564df4a8936ccd202a3bd8, type: 3}
  m_Name: 
  m_EditorClassIdentifier: 
  m_Navigation:
    m_Mode: 3
    m_SelectOnUp: {fileID: 0}
    m_SelectOnDown: {fileID: 0}
    m_SelectOnLeft: {fileID: 0}
    m_SelectOnRight: {fileID: 0}
  m_Transition: 1
  m_Colors:
    m_NormalColor: {r: 1, g: 1, b: 1, a: 1}
    m_HighlightedColor: {r: 0.9607843, g: 0.9607843, b: 0.9607843, a: 1}
    m_PressedColor: {r: 0.78431374, g: 0.78431374, b: 0.78431374, a: 1}
    m_DisabledColor: {r: 0.78431374, g: 0.78431374, b: 0.78431374, a: 0.5019608}
    m_ColorMultiplier: 1
    m_FadeDuration: 0.1
  m_SpriteState:
    m_HighlightedSprite: {fileID: 0}
    m_PressedSprite: {fileID: 0}
    m_DisabledSprite: {fileID: 0}
  m_AnimationTriggers:
    m_NormalTrigger: Normal
    m_HighlightedTrigger: Highlighted
    m_PressedTrigger: Pressed
    m_DisabledTrigger: Disabled
  m_Interactable: 1
  m_TargetGraphic: {fileID: 629072957}
  m_OnClick:
    m_PersistentCalls:
      m_Calls: []
    m_TypeName: UnityEngine.UI.Button+ButtonClickedEvent, UnityEngine.UI, Version=1.0.0.0,
      Culture=neutral, PublicKeyToken=null
--- !u!114 &629072957
MonoBehaviour:
  m_ObjectHideFlags: 0
  m_PrefabParentObject: {fileID: 11473944, guid: f7aa52cd8aba85e48833af2b3340ae89,
    type: 2}
  m_PrefabInternal: {fileID: 145076106}
  m_GameObject: {fileID: 629072954}
  m_Enabled: 1
  m_EditorHideFlags: 0
  m_Script: {fileID: -765806418, guid: f5f67c52d1564df4a8936ccd202a3bd8, type: 3}
  m_Name: 
  m_EditorClassIdentifier: 
  m_Material: {fileID: 0}
  m_Color: {r: 0.18382353, g: 0.18382353, b: 0.18382353, a: 0.827451}
  m_RaycastTarget: 1
  m_OnCullStateChanged:
    m_PersistentCalls:
      m_Calls: []
    m_TypeName: UnityEngine.UI.MaskableGraphic+CullStateChangedEvent, UnityEngine.UI,
      Version=1.0.0.0, Culture=neutral, PublicKeyToken=null
  m_Sprite: {fileID: 21300000, guid: a9b452f1fd81142db932ced9b46be45e, type: 3}
  m_Type: 0
  m_PreserveAspect: 0
  m_FillCenter: 1
  m_FillMethod: 4
  m_FillAmount: 1
  m_FillClockwise: 1
  m_FillOrigin: 0
--- !u!222 &629072958
CanvasRenderer:
  m_ObjectHideFlags: 0
  m_PrefabParentObject: {fileID: 22273930, guid: f7aa52cd8aba85e48833af2b3340ae89,
    type: 2}
  m_PrefabInternal: {fileID: 145076106}
  m_GameObject: {fileID: 629072954}
--- !u!1 &632749414
GameObject:
  m_ObjectHideFlags: 0
  m_PrefabParentObject: {fileID: 173902, guid: f7aa52cd8aba85e48833af2b3340ae89, type: 2}
  m_PrefabInternal: {fileID: 145076106}
  serializedVersion: 5
  m_Component:
  - component: {fileID: 632749415}
  - component: {fileID: 632749417}
  - component: {fileID: 632749416}
  m_Layer: 5
  m_Name: Button
  m_TagString: Untagged
  m_Icon: {fileID: 0}
  m_NavMeshLayer: 0
  m_StaticEditorFlags: 0
  m_IsActive: 1
--- !u!224 &632749415
RectTransform:
  m_ObjectHideFlags: 0
  m_PrefabParentObject: {fileID: 22473902, guid: f7aa52cd8aba85e48833af2b3340ae89,
    type: 2}
  m_PrefabInternal: {fileID: 145076106}
  m_GameObject: {fileID: 632749414}
  m_LocalRotation: {x: 0, y: 0, z: 0, w: 1}
  m_LocalPosition: {x: 0, y: 0, z: 0}
  m_LocalScale: {x: 1, y: 1, z: 1}
  m_Children:
  - {fileID: 1671641259}
  m_Father: {fileID: 1142999793}
  m_RootOrder: 4
  m_LocalEulerAnglesHint: {x: 0, y: 0, z: 0}
  m_AnchorMin: {x: 0.5, y: 0.5}
  m_AnchorMax: {x: 0.5, y: 0.5}
  m_AnchoredPosition: {x: 512.99994, y: -931}
  m_SizeDelta: {x: 510, y: 186}
  m_Pivot: {x: 0.5, y: 0.5}
--- !u!114 &632749416
MonoBehaviour:
  m_ObjectHideFlags: 0
  m_PrefabParentObject: {fileID: 11473906, guid: f7aa52cd8aba85e48833af2b3340ae89,
    type: 2}
  m_PrefabInternal: {fileID: 145076106}
  m_GameObject: {fileID: 632749414}
  m_Enabled: 1
  m_EditorHideFlags: 0
  m_Script: {fileID: -765806418, guid: f5f67c52d1564df4a8936ccd202a3bd8, type: 3}
  m_Name: 
  m_EditorClassIdentifier: 
  m_Material: {fileID: 0}
  m_Color: {r: 0.1102941, g: 0.1102941, b: 0.1102941, a: 0.94509804}
  m_RaycastTarget: 1
  m_OnCullStateChanged:
    m_PersistentCalls:
      m_Calls: []
    m_TypeName: UnityEngine.UI.MaskableGraphic+CullStateChangedEvent, UnityEngine.UI,
      Version=1.0.0.0, Culture=neutral, PublicKeyToken=null
  m_Sprite: {fileID: 21300000, guid: 7ed1238760b863f4aafde32ab3a6f28c, type: 3}
  m_Type: 1
  m_PreserveAspect: 0
  m_FillCenter: 1
  m_FillMethod: 4
  m_FillAmount: 1
  m_FillClockwise: 1
  m_FillOrigin: 0
--- !u!222 &632749417
CanvasRenderer:
  m_ObjectHideFlags: 0
  m_PrefabParentObject: {fileID: 22273902, guid: f7aa52cd8aba85e48833af2b3340ae89,
    type: 2}
  m_PrefabInternal: {fileID: 145076106}
  m_GameObject: {fileID: 632749414}
--- !u!1 &687620903
GameObject:
  m_ObjectHideFlags: 0
  m_PrefabParentObject: {fileID: 173944, guid: f7aa52cd8aba85e48833af2b3340ae89, type: 2}
  m_PrefabInternal: {fileID: 145076106}
  serializedVersion: 5
  m_Component:
  - component: {fileID: 687620904}
  - component: {fileID: 687620906}
  - component: {fileID: 687620905}
  m_Layer: 5
  m_Name: Button
  m_TagString: Untagged
  m_Icon: {fileID: 0}
  m_NavMeshLayer: 0
  m_StaticEditorFlags: 0
  m_IsActive: 1
--- !u!224 &687620904
RectTransform:
  m_ObjectHideFlags: 0
  m_PrefabParentObject: {fileID: 22473944, guid: f7aa52cd8aba85e48833af2b3340ae89,
    type: 2}
  m_PrefabInternal: {fileID: 145076106}
  m_GameObject: {fileID: 687620903}
  m_LocalRotation: {x: 0, y: 0, z: 0, w: 1}
  m_LocalPosition: {x: 0, y: 0, z: 0}
  m_LocalScale: {x: 1, y: 1, z: 1}
  m_Children:
  - {fileID: 2096548736}
  m_Father: {fileID: 1142999793}
  m_RootOrder: 5
  m_LocalEulerAnglesHint: {x: 0, y: 0, z: 0}
  m_AnchorMin: {x: 0.5, y: 0.5}
  m_AnchorMax: {x: 0.5, y: 0.5}
  m_AnchoredPosition: {x: 2, y: -931}
  m_SizeDelta: {x: 512, y: 186}
  m_Pivot: {x: 0.5, y: 0.5}
--- !u!114 &687620905
MonoBehaviour:
  m_ObjectHideFlags: 0
  m_PrefabParentObject: {fileID: 11473962, guid: f7aa52cd8aba85e48833af2b3340ae89,
    type: 2}
  m_PrefabInternal: {fileID: 145076106}
  m_GameObject: {fileID: 687620903}
  m_Enabled: 1
  m_EditorHideFlags: 0
  m_Script: {fileID: -765806418, guid: f5f67c52d1564df4a8936ccd202a3bd8, type: 3}
  m_Name: 
  m_EditorClassIdentifier: 
  m_Material: {fileID: 0}
  m_Color: {r: 0.1102941, g: 0.1102941, b: 0.1102941, a: 0.94509804}
  m_RaycastTarget: 1
  m_OnCullStateChanged:
    m_PersistentCalls:
      m_Calls: []
    m_TypeName: UnityEngine.UI.MaskableGraphic+CullStateChangedEvent, UnityEngine.UI,
      Version=1.0.0.0, Culture=neutral, PublicKeyToken=null
  m_Sprite: {fileID: 21300000, guid: 7ed1238760b863f4aafde32ab3a6f28c, type: 3}
  m_Type: 1
  m_PreserveAspect: 0
  m_FillCenter: 1
  m_FillMethod: 4
  m_FillAmount: 1
  m_FillClockwise: 1
  m_FillOrigin: 0
--- !u!222 &687620906
CanvasRenderer:
  m_ObjectHideFlags: 0
  m_PrefabParentObject: {fileID: 22273942, guid: f7aa52cd8aba85e48833af2b3340ae89,
    type: 2}
  m_PrefabInternal: {fileID: 145076106}
  m_GameObject: {fileID: 687620903}
--- !u!1 &698619582
GameObject:
  m_ObjectHideFlags: 0
  m_PrefabParentObject: {fileID: 173916, guid: f7aa52cd8aba85e48833af2b3340ae89, type: 2}
  m_PrefabInternal: {fileID: 145076106}
  serializedVersion: 5
  m_Component:
  - component: {fileID: 698619583}
  - component: {fileID: 698619585}
  - component: {fileID: 698619584}
  m_Layer: 5
  m_Name: Text
  m_TagString: Untagged
  m_Icon: {fileID: 0}
  m_NavMeshLayer: 0
  m_StaticEditorFlags: 0
  m_IsActive: 1
--- !u!224 &698619583
RectTransform:
  m_ObjectHideFlags: 0
  m_PrefabParentObject: {fileID: 22473916, guid: f7aa52cd8aba85e48833af2b3340ae89,
    type: 2}
  m_PrefabInternal: {fileID: 145076106}
  m_GameObject: {fileID: 698619582}
  m_LocalRotation: {x: 0, y: 0, z: 0, w: 1}
  m_LocalPosition: {x: 0, y: 0, z: 0}
  m_LocalScale: {x: 1, y: 1, z: 1}
  m_Children: []
  m_Father: {fileID: 357718012}
  m_RootOrder: 2
  m_LocalEulerAnglesHint: {x: 0, y: 0, z: 0}
  m_AnchorMin: {x: 0.5, y: 0.5}
  m_AnchorMax: {x: 0.5, y: 0.5}
  m_AnchoredPosition: {x: -142.7, y: 0}
  m_SizeDelta: {x: 34.9, y: 30}
  m_Pivot: {x: 0.5, y: 0.5}
--- !u!114 &698619584
MonoBehaviour:
  m_ObjectHideFlags: 0
  m_PrefabParentObject: {fileID: 11473922, guid: f7aa52cd8aba85e48833af2b3340ae89,
    type: 2}
  m_PrefabInternal: {fileID: 145076106}
  m_GameObject: {fileID: 698619582}
  m_Enabled: 1
  m_EditorHideFlags: 0
  m_Script: {fileID: 708705254, guid: f5f67c52d1564df4a8936ccd202a3bd8, type: 3}
  m_Name: 
  m_EditorClassIdentifier: 
  m_Material: {fileID: 0}
  m_Color: {r: 0.10980392, g: 0.10980392, b: 0.10980392, a: 0.627451}
  m_RaycastTarget: 1
  m_OnCullStateChanged:
    m_PersistentCalls:
      m_Calls: []
    m_TypeName: UnityEngine.UI.MaskableGraphic+CullStateChangedEvent, UnityEngine.UI,
      Version=1.0.0.0, Culture=neutral, PublicKeyToken=null
  m_FontData:
    m_Font: {fileID: 12800000, guid: 218956a5c2a6e42d6a60afccf80b002b, type: 3}
    m_FontSize: 20
    m_FontStyle: 0
    m_BestFit: 0
    m_MinSize: 10
    m_MaxSize: 40
    m_Alignment: 3
    m_AlignByGeometry: 0
    m_RichText: 1
    m_HorizontalOverflow: 0
    m_VerticalOverflow: 0
    m_LineSpacing: 1
  m_Text: HDR
--- !u!222 &698619585
CanvasRenderer:
  m_ObjectHideFlags: 0
  m_PrefabParentObject: {fileID: 22273914, guid: f7aa52cd8aba85e48833af2b3340ae89,
    type: 2}
  m_PrefabInternal: {fileID: 145076106}
  m_GameObject: {fileID: 698619582}
--- !u!1 &748098652
GameObject:
  m_ObjectHideFlags: 0
  m_PrefabParentObject: {fileID: 173926, guid: f7aa52cd8aba85e48833af2b3340ae89, type: 2}
  m_PrefabInternal: {fileID: 145076106}
  serializedVersion: 5
  m_Component:
  - component: {fileID: 748098653}
  - component: {fileID: 748098656}
  - component: {fileID: 748098655}
  - component: {fileID: 748098654}
  m_Layer: 5
  m_Name: Button
  m_TagString: Untagged
  m_Icon: {fileID: 0}
  m_NavMeshLayer: 0
  m_StaticEditorFlags: 0
  m_IsActive: 1
--- !u!224 &748098653
RectTransform:
  m_ObjectHideFlags: 0
  m_PrefabParentObject: {fileID: 22473926, guid: f7aa52cd8aba85e48833af2b3340ae89,
    type: 2}
  m_PrefabInternal: {fileID: 145076106}
  m_GameObject: {fileID: 748098652}
  m_LocalRotation: {x: 0, y: 0, z: 0, w: 1}
  m_LocalPosition: {x: 0, y: 0, z: 0}
  m_LocalScale: {x: 1, y: 1, z: 1}
  m_Children: []
  m_Father: {fileID: 1479183478}
  m_RootOrder: 2
  m_LocalEulerAnglesHint: {x: 0, y: 0, z: 0}
  m_AnchorMin: {x: 0.5, y: 0.5}
  m_AnchorMax: {x: 0.5, y: 0.5}
  m_AnchoredPosition: {x: 273.6, y: 0.0000007748604}
  m_SizeDelta: {x: 40, y: 34.012}
  m_Pivot: {x: 0.5, y: 0.5}
--- !u!114 &748098654
MonoBehaviour:
  m_ObjectHideFlags: 0
  m_PrefabParentObject: {fileID: 11473934, guid: f7aa52cd8aba85e48833af2b3340ae89,
    type: 2}
  m_PrefabInternal: {fileID: 145076106}
  m_GameObject: {fileID: 748098652}
  m_Enabled: 1
  m_EditorHideFlags: 0
  m_Script: {fileID: 1392445389, guid: f5f67c52d1564df4a8936ccd202a3bd8, type: 3}
  m_Name: 
  m_EditorClassIdentifier: 
  m_Navigation:
    m_Mode: 3
    m_SelectOnUp: {fileID: 0}
    m_SelectOnDown: {fileID: 0}
    m_SelectOnLeft: {fileID: 0}
    m_SelectOnRight: {fileID: 0}
  m_Transition: 1
  m_Colors:
    m_NormalColor: {r: 1, g: 1, b: 1, a: 1}
    m_HighlightedColor: {r: 0.9607843, g: 0.9607843, b: 0.9607843, a: 1}
    m_PressedColor: {r: 0.78431374, g: 0.78431374, b: 0.78431374, a: 1}
    m_DisabledColor: {r: 0.78431374, g: 0.78431374, b: 0.78431374, a: 0.5019608}
    m_ColorMultiplier: 1
    m_FadeDuration: 0.1
  m_SpriteState:
    m_HighlightedSprite: {fileID: 0}
    m_PressedSprite: {fileID: 0}
    m_DisabledSprite: {fileID: 0}
  m_AnimationTriggers:
    m_NormalTrigger: Normal
    m_HighlightedTrigger: Highlighted
    m_PressedTrigger: Pressed
    m_DisabledTrigger: Disabled
  m_Interactable: 1
  m_TargetGraphic: {fileID: 748098655}
  m_OnClick:
    m_PersistentCalls:
      m_Calls: []
    m_TypeName: UnityEngine.UI.Button+ButtonClickedEvent, UnityEngine.UI, Version=1.0.0.0,
      Culture=neutral, PublicKeyToken=null
--- !u!114 &748098655
MonoBehaviour:
  m_ObjectHideFlags: 0
  m_PrefabParentObject: {fileID: 11473936, guid: f7aa52cd8aba85e48833af2b3340ae89,
    type: 2}
  m_PrefabInternal: {fileID: 145076106}
  m_GameObject: {fileID: 748098652}
  m_Enabled: 1
  m_EditorHideFlags: 0
  m_Script: {fileID: -765806418, guid: f5f67c52d1564df4a8936ccd202a3bd8, type: 3}
  m_Name: 
  m_EditorClassIdentifier: 
  m_Material: {fileID: 0}
  m_Color: {r: 0.18382353, g: 0.18382353, b: 0.18382353, a: 0.827451}
  m_RaycastTarget: 1
  m_OnCullStateChanged:
    m_PersistentCalls:
      m_Calls: []
    m_TypeName: UnityEngine.UI.MaskableGraphic+CullStateChangedEvent, UnityEngine.UI,
      Version=1.0.0.0, Culture=neutral, PublicKeyToken=null
  m_Sprite: {fileID: 21300000, guid: 8fa6c013eb48a4ee1a581ae0c6921a3a, type: 3}
  m_Type: 0
  m_PreserveAspect: 0
  m_FillCenter: 1
  m_FillMethod: 4
  m_FillAmount: 1
  m_FillClockwise: 1
  m_FillOrigin: 0
--- !u!222 &748098656
CanvasRenderer:
  m_ObjectHideFlags: 0
  m_PrefabParentObject: {fileID: 22273924, guid: f7aa52cd8aba85e48833af2b3340ae89,
    type: 2}
  m_PrefabInternal: {fileID: 145076106}
  m_GameObject: {fileID: 748098652}
--- !u!1 &871440864
GameObject:
  m_ObjectHideFlags: 0
  m_PrefabParentObject: {fileID: 173936, guid: f7aa52cd8aba85e48833af2b3340ae89, type: 2}
  m_PrefabInternal: {fileID: 145076106}
  serializedVersion: 5
  m_Component:
  - component: {fileID: 871440865}
  - component: {fileID: 871440868}
  - component: {fileID: 871440867}
  - component: {fileID: 871440866}
  m_Layer: 5
  m_Name: Button
  m_TagString: Untagged
  m_Icon: {fileID: 0}
  m_NavMeshLayer: 0
  m_StaticEditorFlags: 0
  m_IsActive: 1
--- !u!224 &871440865
RectTransform:
  m_ObjectHideFlags: 0
  m_PrefabParentObject: {fileID: 22473936, guid: f7aa52cd8aba85e48833af2b3340ae89,
    type: 2}
  m_PrefabInternal: {fileID: 145076106}
  m_GameObject: {fileID: 871440864}
  m_LocalRotation: {x: 0, y: 0, z: 0, w: 1}
  m_LocalPosition: {x: 0, y: 0, z: 0}
  m_LocalScale: {x: 1, y: 1, z: 1}
  m_Children: []
  m_Father: {fileID: 357718012}
  m_RootOrder: 0
  m_LocalEulerAnglesHint: {x: 0, y: 0, z: 0}
  m_AnchorMin: {x: 0.5, y: 0.5}
  m_AnchorMax: {x: 0.5, y: 0.5}
  m_AnchoredPosition: {x: -292, y: 0}
  m_SizeDelta: {x: 41, y: 40.758}
  m_Pivot: {x: 0.5, y: 0.5}
--- !u!114 &871440866
MonoBehaviour:
  m_ObjectHideFlags: 0
  m_PrefabParentObject: {fileID: 11473948, guid: f7aa52cd8aba85e48833af2b3340ae89,
    type: 2}
  m_PrefabInternal: {fileID: 145076106}
  m_GameObject: {fileID: 871440864}
  m_Enabled: 1
  m_EditorHideFlags: 0
  m_Script: {fileID: 1392445389, guid: f5f67c52d1564df4a8936ccd202a3bd8, type: 3}
  m_Name: 
  m_EditorClassIdentifier: 
  m_Navigation:
    m_Mode: 3
    m_SelectOnUp: {fileID: 0}
    m_SelectOnDown: {fileID: 0}
    m_SelectOnLeft: {fileID: 0}
    m_SelectOnRight: {fileID: 0}
  m_Transition: 1
  m_Colors:
    m_NormalColor: {r: 1, g: 1, b: 1, a: 1}
    m_HighlightedColor: {r: 0.9607843, g: 0.9607843, b: 0.9607843, a: 1}
    m_PressedColor: {r: 0.78431374, g: 0.78431374, b: 0.78431374, a: 1}
    m_DisabledColor: {r: 0.78431374, g: 0.78431374, b: 0.78431374, a: 0.5019608}
    m_ColorMultiplier: 1
    m_FadeDuration: 0.1
  m_SpriteState:
    m_HighlightedSprite: {fileID: 0}
    m_PressedSprite: {fileID: 0}
    m_DisabledSprite: {fileID: 0}
  m_AnimationTriggers:
    m_NormalTrigger: Normal
    m_HighlightedTrigger: Highlighted
    m_PressedTrigger: Pressed
    m_DisabledTrigger: Disabled
  m_Interactable: 1
  m_TargetGraphic: {fileID: 871440867}
  m_OnClick:
    m_PersistentCalls:
      m_Calls: []
    m_TypeName: UnityEngine.UI.Button+ButtonClickedEvent, UnityEngine.UI, Version=1.0.0.0,
      Culture=neutral, PublicKeyToken=null
--- !u!114 &871440867
MonoBehaviour:
  m_ObjectHideFlags: 0
  m_PrefabParentObject: {fileID: 11473950, guid: f7aa52cd8aba85e48833af2b3340ae89,
    type: 2}
  m_PrefabInternal: {fileID: 145076106}
  m_GameObject: {fileID: 871440864}
  m_Enabled: 1
  m_EditorHideFlags: 0
  m_Script: {fileID: -765806418, guid: f5f67c52d1564df4a8936ccd202a3bd8, type: 3}
  m_Name: 
  m_EditorClassIdentifier: 
  m_Material: {fileID: 0}
  m_Color: {r: 0.18382353, g: 0.18382353, b: 0.18382353, a: 0.827451}
  m_RaycastTarget: 1
  m_OnCullStateChanged:
    m_PersistentCalls:
      m_Calls: []
    m_TypeName: UnityEngine.UI.MaskableGraphic+CullStateChangedEvent, UnityEngine.UI,
      Version=1.0.0.0, Culture=neutral, PublicKeyToken=null
  m_Sprite: {fileID: 21300000, guid: c0d1effa50cad4f13ad7f132fe903904, type: 3}
  m_Type: 0
  m_PreserveAspect: 0
  m_FillCenter: 1
  m_FillMethod: 4
  m_FillAmount: 1
  m_FillClockwise: 1
  m_FillOrigin: 0
--- !u!222 &871440868
CanvasRenderer:
  m_ObjectHideFlags: 0
  m_PrefabParentObject: {fileID: 22273934, guid: f7aa52cd8aba85e48833af2b3340ae89,
    type: 2}
  m_PrefabInternal: {fileID: 145076106}
  m_GameObject: {fileID: 871440864}
--- !u!1 &1033062636
GameObject:
  m_ObjectHideFlags: 0
  m_PrefabParentObject: {fileID: 0}
  m_PrefabInternal: {fileID: 0}
  serializedVersion: 5
  m_Component:
  - component: {fileID: 1033062637}
  m_Layer: 0
  m_Name: __REAL_PIXELS_1536x2048
  m_TagString: Untagged
  m_Icon: {fileID: 0}
  m_NavMeshLayer: 0
  m_StaticEditorFlags: 0
  m_IsActive: 1
--- !u!4 &1033062637
Transform:
  m_ObjectHideFlags: 0
  m_PrefabParentObject: {fileID: 0}
  m_PrefabInternal: {fileID: 0}
  m_GameObject: {fileID: 1033062636}
  m_LocalRotation: {x: 0, y: 0, z: 0, w: 1}
  m_LocalPosition: {x: 494.995, y: 627.74, z: 0}
  m_LocalScale: {x: 1, y: 1, z: 1}
  m_Children: []
  m_Father: {fileID: 0}
  m_RootOrder: 3
  m_LocalEulerAnglesHint: {x: 0, y: 0, z: 0}
--- !u!1 &1104322975
GameObject:
  m_ObjectHideFlags: 0
  m_PrefabParentObject: {fileID: 173912, guid: f7aa52cd8aba85e48833af2b3340ae89, type: 2}
  m_PrefabInternal: {fileID: 145076106}
  serializedVersion: 5
  m_Component:
  - component: {fileID: 1104322976}
  - component: {fileID: 1104322978}
  - component: {fileID: 1104322977}
  m_Layer: 5
  m_Name: Icon
  m_TagString: Untagged
  m_Icon: {fileID: 0}
  m_NavMeshLayer: 0
  m_StaticEditorFlags: 0
  m_IsActive: 1
--- !u!224 &1104322976
RectTransform:
  m_ObjectHideFlags: 0
  m_PrefabParentObject: {fileID: 22473912, guid: f7aa52cd8aba85e48833af2b3340ae89,
    type: 2}
  m_PrefabInternal: {fileID: 145076106}
  m_GameObject: {fileID: 1104322975}
  m_LocalRotation: {x: 0, y: 0, z: 0, w: 1}
  m_LocalPosition: {x: 0, y: 0, z: 0}
  m_LocalScale: {x: 1, y: 1, z: 1}
  m_Children: []
  m_Father: {fileID: 1388526313}
  m_RootOrder: 0
  m_LocalEulerAnglesHint: {x: 0, y: 0, z: 0}
  m_AnchorMin: {x: 0.5, y: 0.5}
  m_AnchorMax: {x: 0.5, y: 0.5}
  m_AnchoredPosition: {x: 0, y: -0.00000035762787}
  m_SizeDelta: {x: 47, y: 37}
  m_Pivot: {x: 0.5, y: 0.5}
--- !u!114 &1104322977
MonoBehaviour:
  m_ObjectHideFlags: 0
  m_PrefabParentObject: {fileID: 11473918, guid: f7aa52cd8aba85e48833af2b3340ae89,
    type: 2}
  m_PrefabInternal: {fileID: 145076106}
  m_GameObject: {fileID: 1104322975}
  m_Enabled: 1
  m_EditorHideFlags: 0
  m_Script: {fileID: -765806418, guid: f5f67c52d1564df4a8936ccd202a3bd8, type: 3}
  m_Name: 
  m_EditorClassIdentifier: 
  m_Material: {fileID: 0}
  m_Color: {r: 1, g: 1, b: 1, a: 0.7372549}
  m_RaycastTarget: 1
  m_OnCullStateChanged:
    m_PersistentCalls:
      m_Calls: []
    m_TypeName: UnityEngine.UI.MaskableGraphic+CullStateChangedEvent, UnityEngine.UI,
      Version=1.0.0.0, Culture=neutral, PublicKeyToken=null
  m_Sprite: {fileID: 21300000, guid: 0f41e1b09cbd84f3da1b51c88ec120ee, type: 3}
  m_Type: 0
  m_PreserveAspect: 0
  m_FillCenter: 1
  m_FillMethod: 4
  m_FillAmount: 1
  m_FillClockwise: 1
  m_FillOrigin: 0
--- !u!222 &1104322978
CanvasRenderer:
  m_ObjectHideFlags: 0
  m_PrefabParentObject: {fileID: 22273910, guid: f7aa52cd8aba85e48833af2b3340ae89,
    type: 2}
  m_PrefabInternal: {fileID: 145076106}
  m_GameObject: {fileID: 1104322975}
--- !u!1 &1142999792
GameObject:
  m_ObjectHideFlags: 0
  m_PrefabParentObject: {fileID: 173922, guid: f7aa52cd8aba85e48833af2b3340ae89, type: 2}
  m_PrefabInternal: {fileID: 145076106}
  serializedVersion: 5
  m_Component:
  - component: {fileID: 1142999793}
  - component: {fileID: 1142999796}
  - component: {fileID: 1142999795}
  - component: {fileID: 1142999794}
  m_Layer: 5
  m_Name: Panel
  m_TagString: Untagged
  m_Icon: {fileID: 0}
  m_NavMeshLayer: 0
  m_StaticEditorFlags: 0
  m_IsActive: 1
--- !u!224 &1142999793
RectTransform:
  m_ObjectHideFlags: 0
  m_PrefabParentObject: {fileID: 22473922, guid: f7aa52cd8aba85e48833af2b3340ae89,
    type: 2}
  m_PrefabInternal: {fileID: 145076106}
  m_GameObject: {fileID: 1142999792}
  m_LocalRotation: {x: 0, y: 0, z: 0, w: 1}
  m_LocalPosition: {x: 0, y: 0, z: 0}
  m_LocalScale: {x: 1, y: 1, z: 1}
  m_Children:
  - {fileID: 1284196057}
  - {fileID: 1479183478}
  - {fileID: 357718012}
  - {fileID: 1875994525}
  - {fileID: 632749415}
  - {fileID: 687620904}
  - {fileID: 1388526313}
  m_Father: {fileID: 284414400}
  m_RootOrder: 1
  m_LocalEulerAnglesHint: {x: 0, y: 0, z: 0}
  m_AnchorMin: {x: 0.5, y: 0.5}
  m_AnchorMax: {x: 0.5, y: 0.5}
  m_AnchoredPosition: {x: 0, y: 0}
  m_SizeDelta: {x: 1536, y: 2048}
  m_Pivot: {x: 0.5, y: 0.5}
--- !u!114 &1142999794
MonoBehaviour:
  m_ObjectHideFlags: 0
  m_PrefabParentObject: {fileID: 11473928, guid: f7aa52cd8aba85e48833af2b3340ae89,
    type: 2}
  m_PrefabInternal: {fileID: 145076106}
  m_GameObject: {fileID: 1142999792}
  m_Enabled: 1
  m_EditorHideFlags: 0
  m_Script: {fileID: -1200242548, guid: f5f67c52d1564df4a8936ccd202a3bd8, type: 3}
  m_Name: 
  m_EditorClassIdentifier: 
  m_ShowMaskGraphic: 1
--- !u!114 &1142999795
MonoBehaviour:
  m_ObjectHideFlags: 0
  m_PrefabParentObject: {fileID: 11473930, guid: f7aa52cd8aba85e48833af2b3340ae89,
    type: 2}
  m_PrefabInternal: {fileID: 145076106}
  m_GameObject: {fileID: 1142999792}
  m_Enabled: 1
  m_EditorHideFlags: 0
  m_Script: {fileID: -765806418, guid: f5f67c52d1564df4a8936ccd202a3bd8, type: 3}
  m_Name: 
  m_EditorClassIdentifier: 
  m_Material: {fileID: 0}
  m_Color: {r: 0.12156863, g: 0.12156863, b: 0.12156863, a: 1}
  m_RaycastTarget: 1
  m_OnCullStateChanged:
    m_PersistentCalls:
      m_Calls: []
    m_TypeName: UnityEngine.UI.MaskableGraphic+CullStateChangedEvent, UnityEngine.UI,
      Version=1.0.0.0, Culture=neutral, PublicKeyToken=null
  m_Sprite: {fileID: 21300000, guid: 7ed1238760b863f4aafde32ab3a6f28c, type: 3}
  m_Type: 1
  m_PreserveAspect: 0
  m_FillCenter: 1
  m_FillMethod: 4
  m_FillAmount: 1
  m_FillClockwise: 1
  m_FillOrigin: 0
--- !u!222 &1142999796
CanvasRenderer:
  m_ObjectHideFlags: 0
  m_PrefabParentObject: {fileID: 22273920, guid: f7aa52cd8aba85e48833af2b3340ae89,
    type: 2}
  m_PrefabInternal: {fileID: 145076106}
  m_GameObject: {fileID: 1142999792}
--- !u!1 &1284196056
GameObject:
  m_ObjectHideFlags: 0
  m_PrefabParentObject: {fileID: 173928, guid: f7aa52cd8aba85e48833af2b3340ae89, type: 2}
  m_PrefabInternal: {fileID: 145076106}
  serializedVersion: 5
  m_Component:
  - component: {fileID: 1284196057}
  - component: {fileID: 1284196059}
  - component: {fileID: 1284196058}
  m_Layer: 5
  m_Name: Image
  m_TagString: Untagged
  m_Icon: {fileID: 0}
  m_NavMeshLayer: 0
  m_StaticEditorFlags: 0
  m_IsActive: 1
--- !u!224 &1284196057
RectTransform:
  m_ObjectHideFlags: 0
  m_PrefabParentObject: {fileID: 22473928, guid: f7aa52cd8aba85e48833af2b3340ae89,
    type: 2}
  m_PrefabInternal: {fileID: 145076106}
  m_GameObject: {fileID: 1284196056}
  m_LocalRotation: {x: 0, y: 0, z: 0, w: 1}
  m_LocalPosition: {x: 0, y: 0, z: 0}
  m_LocalScale: {x: 1, y: 1, z: 1}
  m_Children: []
  m_Father: {fileID: 1142999793}
  m_RootOrder: 0
  m_LocalEulerAnglesHint: {x: 0, y: 0, z: 0}
  m_AnchorMin: {x: 0.5, y: 0.5}
  m_AnchorMax: {x: 0.5, y: 0.5}
  m_AnchoredPosition: {x: 1.5, y: 93}
  m_SizeDelta: {x: 1539, y: 2287}
  m_Pivot: {x: 0.5, y: 0.5}
--- !u!114 &1284196058
MonoBehaviour:
  m_ObjectHideFlags: 0
  m_PrefabParentObject: {fileID: 11473938, guid: f7aa52cd8aba85e48833af2b3340ae89,
    type: 2}
  m_PrefabInternal: {fileID: 145076106}
  m_GameObject: {fileID: 1284196056}
  m_Enabled: 1
  m_EditorHideFlags: 0
  m_Script: {fileID: -765806418, guid: f5f67c52d1564df4a8936ccd202a3bd8, type: 3}
  m_Name: 
  m_EditorClassIdentifier: 
  m_Material: {fileID: 0}
  m_Color: {r: 1, g: 1, b: 1, a: 1}
  m_RaycastTarget: 1
  m_OnCullStateChanged:
    m_PersistentCalls:
      m_Calls: []
    m_TypeName: UnityEngine.UI.MaskableGraphic+CullStateChangedEvent, UnityEngine.UI,
      Version=1.0.0.0, Culture=neutral, PublicKeyToken=null
  m_Sprite: {fileID: 21300000, guid: 38e14546bbd0d8b44a7b209e178ed2d3, type: 3}
  m_Type: 0
  m_PreserveAspect: 0
  m_FillCenter: 1
  m_FillMethod: 4
  m_FillAmount: 1
  m_FillClockwise: 1
  m_FillOrigin: 0
--- !u!222 &1284196059
CanvasRenderer:
  m_ObjectHideFlags: 0
  m_PrefabParentObject: {fileID: 22273926, guid: f7aa52cd8aba85e48833af2b3340ae89,
    type: 2}
  m_PrefabInternal: {fileID: 145076106}
  m_GameObject: {fileID: 1284196056}
--- !u!1 &1294820608
GameObject:
  m_ObjectHideFlags: 0
  m_PrefabParentObject: {fileID: 173908, guid: f7aa52cd8aba85e48833af2b3340ae89, type: 2}
  m_PrefabInternal: {fileID: 145076106}
  serializedVersion: 5
  m_Component:
  - component: {fileID: 1294820609}
  - component: {fileID: 1294820611}
  - component: {fileID: 1294820610}
  m_Layer: 5
  m_Name: Text
  m_TagString: Untagged
  m_Icon: {fileID: 0}
  m_NavMeshLayer: 0
  m_StaticEditorFlags: 0
  m_IsActive: 1
--- !u!224 &1294820609
RectTransform:
  m_ObjectHideFlags: 0
  m_PrefabParentObject: {fileID: 22473908, guid: f7aa52cd8aba85e48833af2b3340ae89,
    type: 2}
  m_PrefabInternal: {fileID: 145076106}
  m_GameObject: {fileID: 1294820608}
  m_LocalRotation: {x: 0, y: 0, z: 0, w: 1}
  m_LocalPosition: {x: 0, y: 0, z: 0}
  m_LocalScale: {x: 1, y: 1, z: 1}
  m_Children: []
  m_Father: {fileID: 357718012}
  m_RootOrder: 3
  m_LocalEulerAnglesHint: {x: 0, y: 0, z: 0}
  m_AnchorMin: {x: 0.5, y: 0.5}
  m_AnchorMax: {x: 0.5, y: 0.5}
  m_AnchoredPosition: {x: 0.000022172928, y: -0.9399419}
  m_SizeDelta: {x: 63, y: 30}
  m_Pivot: {x: 0.5, y: 0.5}
--- !u!114 &1294820610
MonoBehaviour:
  m_ObjectHideFlags: 0
  m_PrefabParentObject: {fileID: 11473914, guid: f7aa52cd8aba85e48833af2b3340ae89,
    type: 2}
  m_PrefabInternal: {fileID: 145076106}
  m_GameObject: {fileID: 1294820608}
  m_Enabled: 1
  m_EditorHideFlags: 0
  m_Script: {fileID: 708705254, guid: f5f67c52d1564df4a8936ccd202a3bd8, type: 3}
  m_Name: 
  m_EditorClassIdentifier: 
  m_Material: {fileID: 0}
  m_Color: {r: 0.03676468, g: 0.03676468, b: 0.03676468, a: 0.827451}
  m_RaycastTarget: 1
  m_OnCullStateChanged:
    m_PersistentCalls:
      m_Calls: []
    m_TypeName: UnityEngine.UI.MaskableGraphic+CullStateChangedEvent, UnityEngine.UI,
      Version=1.0.0.0, Culture=neutral, PublicKeyToken=null
  m_FontData:
    m_Font: {fileID: 12800000, guid: 218956a5c2a6e42d6a60afccf80b002b, type: 3}
    m_FontSize: 20
    m_FontStyle: 0
    m_BestFit: 0
    m_MinSize: 10
    m_MaxSize: 40
    m_Alignment: 4
    m_AlignByGeometry: 0
    m_RichText: 1
    m_HorizontalOverflow: 0
    m_VerticalOverflow: 0
    m_LineSpacing: 1
  m_Text: ISO 600
--- !u!222 &1294820611
CanvasRenderer:
  m_ObjectHideFlags: 0
  m_PrefabParentObject: {fileID: 22273906, guid: f7aa52cd8aba85e48833af2b3340ae89,
    type: 2}
  m_PrefabInternal: {fileID: 145076106}
  m_GameObject: {fileID: 1294820608}
--- !u!1 &1388526312
GameObject:
  m_ObjectHideFlags: 0
  m_PrefabParentObject: {fileID: 173914, guid: f7aa52cd8aba85e48833af2b3340ae89, type: 2}
  m_PrefabInternal: {fileID: 145076106}
  serializedVersion: 5
  m_Component:
  - component: {fileID: 1388526313}
  - component: {fileID: 1388526315}
  - component: {fileID: 1388526314}
  m_Layer: 5
  m_Name: Button
  m_TagString: Untagged
  m_Icon: {fileID: 0}
  m_NavMeshLayer: 0
  m_StaticEditorFlags: 0
  m_IsActive: 1
--- !u!224 &1388526313
RectTransform:
  m_ObjectHideFlags: 0
  m_PrefabParentObject: {fileID: 22473914, guid: f7aa52cd8aba85e48833af2b3340ae89,
    type: 2}
  m_PrefabInternal: {fileID: 145076106}
  m_GameObject: {fileID: 1388526312}
  m_LocalRotation: {x: 0, y: 0, z: 0, w: 1}
  m_LocalPosition: {x: 0, y: 0, z: 0}
  m_LocalScale: {x: 1, y: 1, z: 1}
  m_Children:
  - {fileID: 1104322976}
  m_Father: {fileID: 1142999793}
  m_RootOrder: 6
  m_LocalEulerAnglesHint: {x: 0, y: 0, z: 0}
  m_AnchorMin: {x: 0.5, y: 0.5}
  m_AnchorMax: {x: 0.5, y: 0.5}
  m_AnchoredPosition: {x: -510.75, y: -931}
  m_SizeDelta: {x: 513.5, y: 186}
  m_Pivot: {x: 0.5, y: 0.5}
--- !u!114 &1388526314
MonoBehaviour:
  m_ObjectHideFlags: 0
  m_PrefabParentObject: {fileID: 11473920, guid: f7aa52cd8aba85e48833af2b3340ae89,
    type: 2}
  m_PrefabInternal: {fileID: 145076106}
  m_GameObject: {fileID: 1388526312}
  m_Enabled: 1
  m_EditorHideFlags: 0
  m_Script: {fileID: -765806418, guid: f5f67c52d1564df4a8936ccd202a3bd8, type: 3}
  m_Name: 
  m_EditorClassIdentifier: 
  m_Material: {fileID: 0}
  m_Color: {r: 0.1102941, g: 0.1102941, b: 0.1102941, a: 0.94509804}
  m_RaycastTarget: 1
  m_OnCullStateChanged:
    m_PersistentCalls:
      m_Calls: []
    m_TypeName: UnityEngine.UI.MaskableGraphic+CullStateChangedEvent, UnityEngine.UI,
      Version=1.0.0.0, Culture=neutral, PublicKeyToken=null
  m_Sprite: {fileID: 21300000, guid: 7ed1238760b863f4aafde32ab3a6f28c, type: 3}
  m_Type: 1
  m_PreserveAspect: 0
  m_FillCenter: 1
  m_FillMethod: 4
  m_FillAmount: 1
  m_FillClockwise: 1
  m_FillOrigin: 0
--- !u!222 &1388526315
CanvasRenderer:
  m_ObjectHideFlags: 0
  m_PrefabParentObject: {fileID: 22273912, guid: f7aa52cd8aba85e48833af2b3340ae89,
    type: 2}
  m_PrefabInternal: {fileID: 145076106}
  m_GameObject: {fileID: 1388526312}
--- !u!1 &1479183477
GameObject:
  m_ObjectHideFlags: 0
  m_PrefabParentObject: {fileID: 173904, guid: f7aa52cd8aba85e48833af2b3340ae89, type: 2}
  m_PrefabInternal: {fileID: 145076106}
  serializedVersion: 5
  m_Component:
  - component: {fileID: 1479183478}
  - component: {fileID: 1479183480}
  - component: {fileID: 1479183479}
  m_Layer: 5
  m_Name: TopPanel
  m_TagString: Untagged
  m_Icon: {fileID: 0}
  m_NavMeshLayer: 0
  m_StaticEditorFlags: 0
  m_IsActive: 1
--- !u!224 &1479183478
RectTransform:
  m_ObjectHideFlags: 0
  m_PrefabParentObject: {fileID: 22473904, guid: f7aa52cd8aba85e48833af2b3340ae89,
    type: 2}
  m_PrefabInternal: {fileID: 145076106}
  m_GameObject: {fileID: 1479183477}
  m_LocalRotation: {x: 0, y: 0, z: 0, w: 1}
  m_LocalPosition: {x: 0, y: 0, z: 0}
  m_LocalScale: {x: 1, y: 1, z: 1}
  m_Children:
  - {fileID: 288992946}
  - {fileID: 374590992}
  - {fileID: 748098653}
  - {fileID: 483041802}
  m_Father: {fileID: 1142999793}
  m_RootOrder: 1
  m_LocalEulerAnglesHint: {x: 0, y: 0, z: 0}
  m_AnchorMin: {x: 0.5, y: 0.5}
  m_AnchorMax: {x: 0.5, y: 0.5}
  m_AnchoredPosition: {x: 2, y: 964}
  m_SizeDelta: {x: 1539, y: 121}
  m_Pivot: {x: 0.5, y: 0.5}
--- !u!114 &1479183479
MonoBehaviour:
  m_ObjectHideFlags: 0
  m_PrefabParentObject: {fileID: 11473908, guid: f7aa52cd8aba85e48833af2b3340ae89,
    type: 2}
  m_PrefabInternal: {fileID: 145076106}
  m_GameObject: {fileID: 1479183477}
  m_Enabled: 1
  m_EditorHideFlags: 0
  m_Script: {fileID: -765806418, guid: f5f67c52d1564df4a8936ccd202a3bd8, type: 3}
  m_Name: 
  m_EditorClassIdentifier: 
  m_Material: {fileID: 0}
  m_Color: {r: 0.9632353, g: 0.9632353, b: 0.9632353, a: 0.7764706}
  m_RaycastTarget: 1
  m_OnCullStateChanged:
    m_PersistentCalls:
      m_Calls: []
    m_TypeName: UnityEngine.UI.MaskableGraphic+CullStateChangedEvent, UnityEngine.UI,
      Version=1.0.0.0, Culture=neutral, PublicKeyToken=null
  m_Sprite: {fileID: 21300000, guid: 7ed1238760b863f4aafde32ab3a6f28c, type: 3}
  m_Type: 1
  m_PreserveAspect: 0
  m_FillCenter: 1
  m_FillMethod: 4
  m_FillAmount: 1
  m_FillClockwise: 1
  m_FillOrigin: 0
--- !u!222 &1479183480
CanvasRenderer:
  m_ObjectHideFlags: 0
  m_PrefabParentObject: {fileID: 22273904, guid: f7aa52cd8aba85e48833af2b3340ae89,
    type: 2}
  m_PrefabInternal: {fileID: 145076106}
  m_GameObject: {fileID: 1479183477}
--- !u!1 &1500371475
GameObject:
  m_ObjectHideFlags: 0
  m_PrefabParentObject: {fileID: 0}
  m_PrefabInternal: {fileID: 0}
  serializedVersion: 5
  m_Component:
  - component: {fileID: 1500371479}
  - component: {fileID: 1500371478}
  - component: {fileID: 1500371477}
  - component: {fileID: 1500371476}
  m_Layer: 0
  m_Name: EventSystem
  m_TagString: Untagged
  m_Icon: {fileID: 0}
  m_NavMeshLayer: 0
  m_StaticEditorFlags: 0
  m_IsActive: 1
--- !u!114 &1500371476
MonoBehaviour:
  m_ObjectHideFlags: 0
  m_PrefabParentObject: {fileID: 0}
  m_PrefabInternal: {fileID: 0}
  m_GameObject: {fileID: 1500371475}
  m_Enabled: 1
  m_EditorHideFlags: 0
  m_Script: {fileID: 1997211142, guid: f5f67c52d1564df4a8936ccd202a3bd8, type: 3}
  m_Name: 
  m_EditorClassIdentifier: 
  m_ForceModuleActive: 0
--- !u!114 &1500371477
MonoBehaviour:
  m_ObjectHideFlags: 0
  m_PrefabParentObject: {fileID: 0}
  m_PrefabInternal: {fileID: 0}
  m_GameObject: {fileID: 1500371475}
  m_Enabled: 1
  m_EditorHideFlags: 0
  m_Script: {fileID: 1077351063, guid: f5f67c52d1564df4a8936ccd202a3bd8, type: 3}
  m_Name: 
  m_EditorClassIdentifier: 
  m_HorizontalAxis: Horizontal
  m_VerticalAxis: Vertical
  m_SubmitButton: Submit
  m_CancelButton: Cancel
  m_InputActionsPerSecond: 10
  m_RepeatDelay: 0.5
  m_ForceModuleActive: 0
--- !u!114 &1500371478
MonoBehaviour:
  m_ObjectHideFlags: 0
  m_PrefabParentObject: {fileID: 0}
  m_PrefabInternal: {fileID: 0}
  m_GameObject: {fileID: 1500371475}
  m_Enabled: 1
  m_EditorHideFlags: 0
  m_Script: {fileID: -619905303, guid: f5f67c52d1564df4a8936ccd202a3bd8, type: 3}
  m_Name: 
  m_EditorClassIdentifier: 
  m_FirstSelected: {fileID: 0}
  m_sendNavigationEvents: 1
  m_DragThreshold: 5
--- !u!4 &1500371479
Transform:
  m_ObjectHideFlags: 0
  m_PrefabParentObject: {fileID: 0}
  m_PrefabInternal: {fileID: 0}
  m_GameObject: {fileID: 1500371475}
  m_LocalRotation: {x: 0, y: 0, z: 0, w: 1}
  m_LocalPosition: {x: 0, y: 0, z: 0}
  m_LocalScale: {x: 1, y: 1, z: 1}
  m_Children: []
  m_Father: {fileID: 0}
  m_RootOrder: 1
  m_LocalEulerAnglesHint: {x: 0, y: 0, z: 0}
--- !u!1 &1511305452
GameObject:
  m_ObjectHideFlags: 0
  m_PrefabParentObject: {fileID: 0}
  m_PrefabInternal: {fileID: 0}
  serializedVersion: 5
  m_Component:
  - component: {fileID: 1511305453}
  m_Layer: 0
  m_Name: __SET_YOUR_GAMESCREEN_TO_768x1024
  m_TagString: Untagged
  m_Icon: {fileID: 0}
  m_NavMeshLayer: 0
  m_StaticEditorFlags: 0
  m_IsActive: 1
--- !u!4 &1511305453
Transform:
  m_ObjectHideFlags: 0
  m_PrefabParentObject: {fileID: 0}
  m_PrefabInternal: {fileID: 0}
  m_GameObject: {fileID: 1511305452}
  m_LocalRotation: {x: 0, y: 0, z: 0, w: 1}
  m_LocalPosition: {x: 494.995, y: 627.74, z: 0}
  m_LocalScale: {x: 1, y: 1, z: 1}
  m_Children: []
  m_Father: {fileID: 0}
  m_RootOrder: 2
  m_LocalEulerAnglesHint: {x: 0, y: 0, z: 0}
--- !u!1 &1608711767
GameObject:
  m_ObjectHideFlags: 0
  m_PrefabParentObject: {fileID: 173930, guid: f7aa52cd8aba85e48833af2b3340ae89, type: 2}
  m_PrefabInternal: {fileID: 145076106}
  serializedVersion: 5
  m_Component:
  - component: {fileID: 1608711768}
  - component: {fileID: 1608711770}
  - component: {fileID: 1608711769}
  m_Layer: 5
  m_Name: Text
  m_TagString: Untagged
  m_Icon: {fileID: 0}
  m_NavMeshLayer: 0
  m_StaticEditorFlags: 0
  m_IsActive: 1
--- !u!224 &1608711768
RectTransform:
  m_ObjectHideFlags: 0
  m_PrefabParentObject: {fileID: 22473930, guid: f7aa52cd8aba85e48833af2b3340ae89,
    type: 2}
  m_PrefabInternal: {fileID: 145076106}
  m_GameObject: {fileID: 1608711767}
  m_LocalRotation: {x: 0, y: 0, z: 0, w: 1}
  m_LocalPosition: {x: 0, y: 0, z: 0}
  m_LocalScale: {x: 1, y: 1, z: 1}
  m_Children: []
  m_Father: {fileID: 357718012}
  m_RootOrder: 4
  m_LocalEulerAnglesHint: {x: 0, y: 0, z: 0}
  m_AnchorMin: {x: 0.5, y: 0.5}
  m_AnchorMax: {x: 0.5, y: 0.5}
  m_AnchoredPosition: {x: 170.3, y: 0}
  m_SizeDelta: {x: 44.2, y: 30}
  m_Pivot: {x: 0.5, y: 0.5}
--- !u!114 &1608711769
MonoBehaviour:
  m_ObjectHideFlags: 0
  m_PrefabParentObject: {fileID: 11473940, guid: f7aa52cd8aba85e48833af2b3340ae89,
    type: 2}
  m_PrefabInternal: {fileID: 145076106}
  m_GameObject: {fileID: 1608711767}
  m_Enabled: 1
  m_EditorHideFlags: 0
  m_Script: {fileID: 708705254, guid: f5f67c52d1564df4a8936ccd202a3bd8, type: 3}
  m_Name: 
  m_EditorClassIdentifier: 
  m_Material: {fileID: 0}
  m_Color: {r: 0.03676468, g: 0.03676468, b: 0.03676468, a: 0.827451}
  m_RaycastTarget: 1
  m_OnCullStateChanged:
    m_PersistentCalls:
      m_Calls: []
    m_TypeName: UnityEngine.UI.MaskableGraphic+CullStateChangedEvent, UnityEngine.UI,
      Version=1.0.0.0, Culture=neutral, PublicKeyToken=null
  m_FontData:
    m_Font: {fileID: 12800000, guid: 218956a5c2a6e42d6a60afccf80b002b, type: 3}
    m_FontSize: 20
    m_FontStyle: 0
    m_BestFit: 0
    m_MinSize: 10
    m_MaxSize: 40
    m_Alignment: 3
    m_AlignByGeometry: 0
    m_RichText: 1
    m_HorizontalOverflow: 0
    m_VerticalOverflow: 0
    m_LineSpacing: 1
  m_Text: 1/250
--- !u!222 &1608711770
CanvasRenderer:
  m_ObjectHideFlags: 0
  m_PrefabParentObject: {fileID: 22273928, guid: f7aa52cd8aba85e48833af2b3340ae89,
    type: 2}
  m_PrefabInternal: {fileID: 145076106}
  m_GameObject: {fileID: 1608711767}
--- !u!1 &1671641258
GameObject:
  m_ObjectHideFlags: 0
  m_PrefabParentObject: {fileID: 173938, guid: f7aa52cd8aba85e48833af2b3340ae89, type: 2}
  m_PrefabInternal: {fileID: 145076106}
  serializedVersion: 5
  m_Component:
  - component: {fileID: 1671641259}
  - component: {fileID: 1671641261}
  - component: {fileID: 1671641260}
  m_Layer: 5
  m_Name: Icon
  m_TagString: Untagged
  m_Icon: {fileID: 0}
  m_NavMeshLayer: 0
  m_StaticEditorFlags: 0
  m_IsActive: 1
--- !u!224 &1671641259
RectTransform:
  m_ObjectHideFlags: 0
  m_PrefabParentObject: {fileID: 22473938, guid: f7aa52cd8aba85e48833af2b3340ae89,
    type: 2}
  m_PrefabInternal: {fileID: 145076106}
  m_GameObject: {fileID: 1671641258}
  m_LocalRotation: {x: 0, y: 0, z: 0, w: 1}
  m_LocalPosition: {x: 0, y: 0, z: 0}
  m_LocalScale: {x: 1, y: 1, z: 1}
  m_Children: []
  m_Father: {fileID: 632749415}
  m_RootOrder: 0
  m_LocalEulerAnglesHint: {x: 0, y: 0, z: 0}
  m_AnchorMin: {x: 0.5, y: 0.5}
  m_AnchorMax: {x: 0.5, y: 0.5}
  m_AnchoredPosition: {x: 0, y: -0.00000035762787}
  m_SizeDelta: {x: 47, y: 43}
  m_Pivot: {x: 0.5, y: 0.5}
--- !u!114 &1671641260
MonoBehaviour:
  m_ObjectHideFlags: 0
  m_PrefabParentObject: {fileID: 11473952, guid: f7aa52cd8aba85e48833af2b3340ae89,
    type: 2}
  m_PrefabInternal: {fileID: 145076106}
  m_GameObject: {fileID: 1671641258}
  m_Enabled: 1
  m_EditorHideFlags: 0
  m_Script: {fileID: -765806418, guid: f5f67c52d1564df4a8936ccd202a3bd8, type: 3}
  m_Name: 
  m_EditorClassIdentifier: 
  m_Material: {fileID: 0}
  m_Color: {r: 1, g: 1, b: 1, a: 0.7372549}
  m_RaycastTarget: 1
  m_OnCullStateChanged:
    m_PersistentCalls:
      m_Calls: []
    m_TypeName: UnityEngine.UI.MaskableGraphic+CullStateChangedEvent, UnityEngine.UI,
      Version=1.0.0.0, Culture=neutral, PublicKeyToken=null
  m_Sprite: {fileID: 21300000, guid: 97f706a7ab09d4e0c9108cd271deb94b, type: 3}
  m_Type: 0
  m_PreserveAspect: 0
  m_FillCenter: 1
  m_FillMethod: 4
  m_FillAmount: 1
  m_FillClockwise: 1
  m_FillOrigin: 0
--- !u!222 &1671641261
CanvasRenderer:
  m_ObjectHideFlags: 0
  m_PrefabParentObject: {fileID: 22273936, guid: f7aa52cd8aba85e48833af2b3340ae89,
    type: 2}
  m_PrefabInternal: {fileID: 145076106}
  m_GameObject: {fileID: 1671641258}
--- !u!1 &1875994524
GameObject:
  m_ObjectHideFlags: 0
  m_PrefabParentObject: {fileID: 173900, guid: f7aa52cd8aba85e48833af2b3340ae89, type: 2}
  m_PrefabInternal: {fileID: 145076106}
  serializedVersion: 5
  m_Component:
  - component: {fileID: 1875994525}
  - component: {fileID: 1875994528}
  - component: {fileID: 1875994527}
  - component: {fileID: 1875994526}
  m_Layer: 5
  m_Name: FocusOverlay
  m_TagString: Untagged
  m_Icon: {fileID: 0}
  m_NavMeshLayer: 0
  m_StaticEditorFlags: 0
  m_IsActive: 1
--- !u!224 &1875994525
RectTransform:
  m_ObjectHideFlags: 0
  m_PrefabParentObject: {fileID: 22473900, guid: f7aa52cd8aba85e48833af2b3340ae89,
    type: 2}
  m_PrefabInternal: {fileID: 145076106}
  m_GameObject: {fileID: 1875994524}
  m_LocalRotation: {x: 0, y: 0, z: 0, w: 1}
  m_LocalPosition: {x: 0, y: 0, z: 0}
  m_LocalScale: {x: 1, y: 1, z: 1}
  m_Children: []
  m_Father: {fileID: 1142999793}
  m_RootOrder: 3
  m_LocalEulerAnglesHint: {x: 0, y: 0, z: 0}
  m_AnchorMin: {x: 0.5, y: 0.5}
  m_AnchorMax: {x: 0.5, y: 0.5}
  m_AnchoredPosition: {x: -76, y: 218}
  m_SizeDelta: {x: 275, y: 275}
  m_Pivot: {x: 0.5, y: 0.5}
--- !u!114 &1875994526
MonoBehaviour:
  m_ObjectHideFlags: 0
  m_PrefabParentObject: {fileID: 11473902, guid: f7aa52cd8aba85e48833af2b3340ae89,
    type: 2}
  m_PrefabInternal: {fileID: 145076106}
  m_GameObject: {fileID: 1875994524}
  m_Enabled: 1
  m_EditorHideFlags: 0
  m_Script: {fileID: 1392445389, guid: f5f67c52d1564df4a8936ccd202a3bd8, type: 3}
  m_Name: 
  m_EditorClassIdentifier: 
  m_Navigation:
    m_Mode: 3
    m_SelectOnUp: {fileID: 0}
    m_SelectOnDown: {fileID: 0}
    m_SelectOnLeft: {fileID: 0}
    m_SelectOnRight: {fileID: 0}
  m_Transition: 1
  m_Colors:
    m_NormalColor: {r: 1, g: 1, b: 1, a: 1}
    m_HighlightedColor: {r: 0.9607843, g: 0.9607843, b: 0.9607843, a: 1}
    m_PressedColor: {r: 0.78431374, g: 0.78431374, b: 0.78431374, a: 1}
    m_DisabledColor: {r: 0.78431374, g: 0.78431374, b: 0.78431374, a: 0.5019608}
    m_ColorMultiplier: 1
    m_FadeDuration: 0.1
  m_SpriteState:
    m_HighlightedSprite: {fileID: 0}
    m_PressedSprite: {fileID: 0}
    m_DisabledSprite: {fileID: 0}
  m_AnimationTriggers:
    m_NormalTrigger: Normal
    m_HighlightedTrigger: Highlighted
    m_PressedTrigger: Pressed
    m_DisabledTrigger: Disabled
  m_Interactable: 1
  m_TargetGraphic: {fileID: 1875994527}
  m_OnClick:
    m_PersistentCalls:
      m_Calls: []
    m_TypeName: UnityEngine.UI.Button+ButtonClickedEvent, UnityEngine.UI, Version=1.0.0.0,
      Culture=neutral, PublicKeyToken=null
--- !u!114 &1875994527
MonoBehaviour:
  m_ObjectHideFlags: 0
  m_PrefabParentObject: {fileID: 11473904, guid: f7aa52cd8aba85e48833af2b3340ae89,
    type: 2}
  m_PrefabInternal: {fileID: 145076106}
  m_GameObject: {fileID: 1875994524}
  m_Enabled: 1
  m_EditorHideFlags: 0
  m_Script: {fileID: -765806418, guid: f5f67c52d1564df4a8936ccd202a3bd8, type: 3}
  m_Name: 
  m_EditorClassIdentifier: 
  m_Material: {fileID: 0}
  m_Color: {r: 0.9632353, g: 0.9632353, b: 0.9632353, a: 0.6313726}
  m_RaycastTarget: 1
  m_OnCullStateChanged:
    m_PersistentCalls:
      m_Calls: []
    m_TypeName: UnityEngine.UI.MaskableGraphic+CullStateChangedEvent, UnityEngine.UI,
      Version=1.0.0.0, Culture=neutral, PublicKeyToken=null
  m_Sprite: {fileID: 21300000, guid: 452dadc4ea87d1d4ca95604befac3fce, type: 3}
  m_Type: 0
  m_PreserveAspect: 0
  m_FillCenter: 1
  m_FillMethod: 4
  m_FillAmount: 1
  m_FillClockwise: 1
  m_FillOrigin: 0
--- !u!222 &1875994528
CanvasRenderer:
  m_ObjectHideFlags: 0
  m_PrefabParentObject: {fileID: 22273900, guid: f7aa52cd8aba85e48833af2b3340ae89,
    type: 2}
  m_PrefabInternal: {fileID: 145076106}
  m_GameObject: {fileID: 1875994524}
--- !u!1 &1913035442
GameObject:
  m_ObjectHideFlags: 0
  m_PrefabParentObject: {fileID: 173924, guid: f7aa52cd8aba85e48833af2b3340ae89, type: 2}
  m_PrefabInternal: {fileID: 145076106}
  serializedVersion: 5
  m_Component:
  - component: {fileID: 1913035443}
  - component: {fileID: 1913035445}
  - component: {fileID: 1913035444}
  m_Layer: 5
  m_Name: Icon
  m_TagString: Untagged
  m_Icon: {fileID: 0}
  m_NavMeshLayer: 0
  m_StaticEditorFlags: 0
  m_IsActive: 1
--- !u!224 &1913035443
RectTransform:
  m_ObjectHideFlags: 0
  m_PrefabParentObject: {fileID: 22473924, guid: f7aa52cd8aba85e48833af2b3340ae89,
    type: 2}
  m_PrefabInternal: {fileID: 145076106}
  m_GameObject: {fileID: 1913035442}
  m_LocalRotation: {x: 0, y: 0, z: 0, w: 1}
  m_LocalPosition: {x: 0, y: 0, z: 0}
  m_LocalScale: {x: 1, y: 1, z: 1}
  m_Children: []
  m_Father: {fileID: 2096548736}
  m_RootOrder: 0
  m_LocalEulerAnglesHint: {x: 0, y: 0, z: 0}
  m_AnchorMin: {x: 0.5, y: 0.5}
  m_AnchorMax: {x: 0.5, y: 0.5}
  m_AnchoredPosition: {x: 0, y: -0.00000035762787}
  m_SizeDelta: {x: 47, y: 36}
  m_Pivot: {x: 0.5, y: 0.5}
--- !u!114 &1913035444
MonoBehaviour:
  m_ObjectHideFlags: 0
  m_PrefabParentObject: {fileID: 11473932, guid: f7aa52cd8aba85e48833af2b3340ae89,
    type: 2}
  m_PrefabInternal: {fileID: 145076106}
  m_GameObject: {fileID: 1913035442}
  m_Enabled: 1
  m_EditorHideFlags: 0
  m_Script: {fileID: -765806418, guid: f5f67c52d1564df4a8936ccd202a3bd8, type: 3}
  m_Name: 
  m_EditorClassIdentifier: 
  m_Material: {fileID: 0}
  m_Color: {r: 1, g: 1, b: 1, a: 0.7372549}
  m_RaycastTarget: 1
  m_OnCullStateChanged:
    m_PersistentCalls:
      m_Calls: []
    m_TypeName: UnityEngine.UI.MaskableGraphic+CullStateChangedEvent, UnityEngine.UI,
      Version=1.0.0.0, Culture=neutral, PublicKeyToken=null
  m_Sprite: {fileID: 21300000, guid: 2222b18b0d78c429b86f29fc7a9be877, type: 3}
  m_Type: 0
  m_PreserveAspect: 0
  m_FillCenter: 1
  m_FillMethod: 4
  m_FillAmount: 1
  m_FillClockwise: 1
  m_FillOrigin: 0
--- !u!222 &1913035445
CanvasRenderer:
  m_ObjectHideFlags: 0
  m_PrefabParentObject: {fileID: 22273922, guid: f7aa52cd8aba85e48833af2b3340ae89,
    type: 2}
  m_PrefabInternal: {fileID: 145076106}
  m_GameObject: {fileID: 1913035442}
--- !u!1 &2074699908
GameObject:
  m_ObjectHideFlags: 0
  m_PrefabParentObject: {fileID: 173910, guid: f7aa52cd8aba85e48833af2b3340ae89, type: 2}
  m_PrefabInternal: {fileID: 145076106}
  serializedVersion: 5
  m_Component:
  - component: {fileID: 2074699909}
  - component: {fileID: 2074699911}
  - component: {fileID: 2074699910}
  m_Layer: 5
  m_Name: Text
  m_TagString: Untagged
  m_Icon: {fileID: 0}
  m_NavMeshLayer: 0
  m_StaticEditorFlags: 0
  m_IsActive: 1
--- !u!224 &2074699909
RectTransform:
  m_ObjectHideFlags: 0
  m_PrefabParentObject: {fileID: 22473910, guid: f7aa52cd8aba85e48833af2b3340ae89,
    type: 2}
  m_PrefabInternal: {fileID: 145076106}
  m_GameObject: {fileID: 2074699908}
  m_LocalRotation: {x: 0, y: 0, z: 0, w: 1}
  m_LocalPosition: {x: 0, y: 0, z: 0}
  m_LocalScale: {x: 1, y: 1, z: 1}
  m_Children: []
  m_Father: {fileID: 357718012}
  m_RootOrder: 1
  m_LocalEulerAnglesHint: {x: 0, y: 0, z: 0}
  m_AnchorMin: {x: 0.5, y: 0.5}
  m_AnchorMax: {x: 0.5, y: 0.5}
  m_AnchoredPosition: {x: -247, y: 0}
  m_SizeDelta: {x: 23.6, y: 30}
  m_Pivot: {x: 0.5, y: 0.5}
--- !u!114 &2074699910
MonoBehaviour:
  m_ObjectHideFlags: 0
  m_PrefabParentObject: {fileID: 11473916, guid: f7aa52cd8aba85e48833af2b3340ae89,
    type: 2}
  m_PrefabInternal: {fileID: 145076106}
  m_GameObject: {fileID: 2074699908}
  m_Enabled: 1
  m_EditorHideFlags: 0
  m_Script: {fileID: 708705254, guid: f5f67c52d1564df4a8936ccd202a3bd8, type: 3}
  m_Name: 
  m_EditorClassIdentifier: 
  m_Material: {fileID: 0}
  m_Color: {r: 0.051470578, g: 0.051470578, b: 0.051470578, a: 0.827451}
  m_RaycastTarget: 1
  m_OnCullStateChanged:
    m_PersistentCalls:
      m_Calls: []
    m_TypeName: UnityEngine.UI.MaskableGraphic+CullStateChangedEvent, UnityEngine.UI,
      Version=1.0.0.0, Culture=neutral, PublicKeyToken=null
  m_FontData:
    m_Font: {fileID: 12800000, guid: 218956a5c2a6e42d6a60afccf80b002b, type: 3}
    m_FontSize: 20
    m_FontStyle: 0
    m_BestFit: 0
    m_MinSize: 10
    m_MaxSize: 40
    m_Alignment: 3
    m_AlignByGeometry: 0
    m_RichText: 1
    m_HorizontalOverflow: 0
    m_VerticalOverflow: 0
    m_LineSpacing: 1
  m_Text: 3s
--- !u!222 &2074699911
CanvasRenderer:
  m_ObjectHideFlags: 0
  m_PrefabParentObject: {fileID: 22273908, guid: f7aa52cd8aba85e48833af2b3340ae89,
    type: 2}
  m_PrefabInternal: {fileID: 145076106}
  m_GameObject: {fileID: 2074699908}
--- !u!1 &2096548735
GameObject:
  m_ObjectHideFlags: 0
  m_PrefabParentObject: {fileID: 173898, guid: f7aa52cd8aba85e48833af2b3340ae89, type: 2}
  m_PrefabInternal: {fileID: 145076106}
  serializedVersion: 5
  m_Component:
  - component: {fileID: 2096548736}
  - component: {fileID: 2096548739}
  - component: {fileID: 2096548738}
  - component: {fileID: 2096548737}
  m_Layer: 5
  m_Name: ButtonCamera
  m_TagString: Untagged
  m_Icon: {fileID: 0}
  m_NavMeshLayer: 0
  m_StaticEditorFlags: 0
  m_IsActive: 1
--- !u!224 &2096548736
RectTransform:
  m_ObjectHideFlags: 0
  m_PrefabParentObject: {fileID: 22473898, guid: f7aa52cd8aba85e48833af2b3340ae89,
    type: 2}
  m_PrefabInternal: {fileID: 145076106}
  m_GameObject: {fileID: 2096548735}
  m_LocalRotation: {x: 0, y: 0, z: 0, w: 1}
  m_LocalPosition: {x: 0, y: 0, z: 0}
  m_LocalScale: {x: 1, y: 1, z: 1}
  m_Children:
  - {fileID: 1913035443}
  m_Father: {fileID: 687620904}
  m_RootOrder: 0
  m_LocalEulerAnglesHint: {x: 0, y: 0, z: 0}
  m_AnchorMin: {x: 0.5, y: 0.5}
  m_AnchorMax: {x: 0.5, y: 0.5}
  m_AnchoredPosition: {x: 0, y: 0.0000015497208}
  m_SizeDelta: {x: 96.9, y: 96.9}
  m_Pivot: {x: 0.5, y: 0.5}
--- !u!114 &2096548737
MonoBehaviour:
  m_ObjectHideFlags: 0
  m_PrefabParentObject: {fileID: 11473898, guid: f7aa52cd8aba85e48833af2b3340ae89,
    type: 2}
  m_PrefabInternal: {fileID: 145076106}
  m_GameObject: {fileID: 2096548735}
  m_Enabled: 1
  m_EditorHideFlags: 0
  m_Script: {fileID: 1392445389, guid: f5f67c52d1564df4a8936ccd202a3bd8, type: 3}
  m_Name: 
  m_EditorClassIdentifier: 
  m_Navigation:
    m_Mode: 3
    m_SelectOnUp: {fileID: 0}
    m_SelectOnDown: {fileID: 0}
    m_SelectOnLeft: {fileID: 0}
    m_SelectOnRight: {fileID: 0}
  m_Transition: 1
  m_Colors:
    m_NormalColor: {r: 1, g: 1, b: 1, a: 1}
    m_HighlightedColor: {r: 0.9607843, g: 0.9607843, b: 0.9607843, a: 1}
    m_PressedColor: {r: 0.78431374, g: 0.78431374, b: 0.78431374, a: 1}
    m_DisabledColor: {r: 0.78431374, g: 0.78431374, b: 0.78431374, a: 0.5019608}
    m_ColorMultiplier: 1
    m_FadeDuration: 0.1
  m_SpriteState:
    m_HighlightedSprite: {fileID: 0}
    m_PressedSprite: {fileID: 0}
    m_DisabledSprite: {fileID: 0}
  m_AnimationTriggers:
    m_NormalTrigger: Normal
    m_HighlightedTrigger: Highlighted
    m_PressedTrigger: Pressed
    m_DisabledTrigger: Disabled
  m_Interactable: 1
  m_TargetGraphic: {fileID: 2096548738}
  m_OnClick:
    m_PersistentCalls:
      m_Calls: []
    m_TypeName: UnityEngine.UI.Button+ButtonClickedEvent, UnityEngine.UI, Version=1.0.0.0,
      Culture=neutral, PublicKeyToken=null
--- !u!114 &2096548738
MonoBehaviour:
  m_ObjectHideFlags: 0
  m_PrefabParentObject: {fileID: 11473900, guid: f7aa52cd8aba85e48833af2b3340ae89,
    type: 2}
  m_PrefabInternal: {fileID: 145076106}
  m_GameObject: {fileID: 2096548735}
  m_Enabled: 1
  m_EditorHideFlags: 0
  m_Script: {fileID: -765806418, guid: f5f67c52d1564df4a8936ccd202a3bd8, type: 3}
  m_Name: 
  m_EditorClassIdentifier: 
  m_Material: {fileID: 0}
  m_Color: {r: 1, g: 1, b: 1, a: 0.7372549}
  m_RaycastTarget: 1
  m_OnCullStateChanged:
    m_PersistentCalls:
      m_Calls: []
    m_TypeName: UnityEngine.UI.MaskableGraphic+CullStateChangedEvent, UnityEngine.UI,
      Version=1.0.0.0, Culture=neutral, PublicKeyToken=null
  m_Sprite: {fileID: 21300000, guid: 4a06b734c1424ef43acedc3bd3a99e50, type: 3}
  m_Type: 0
  m_PreserveAspect: 0
  m_FillCenter: 1
  m_FillMethod: 4
  m_FillAmount: 1
  m_FillClockwise: 1
  m_FillOrigin: 0
--- !u!222 &2096548739
CanvasRenderer:
  m_ObjectHideFlags: 0
  m_PrefabParentObject: {fileID: 22273898, guid: f7aa52cd8aba85e48833af2b3340ae89,
    type: 2}
  m_PrefabInternal: {fileID: 145076106}
  m_GameObject: {fileID: 2096548735}
